Workbook

Sheet RESUMO
A1: PREFEITURA MUNICIPAL DE CAETÉS
A3: Obra | E3: Bancos | G3: B.D.I.
A4: CONSTRUÇÃO DE UMA QUADRA POLIESPORTIVA NO SITIO BASTIÕES, MUNICIPIO DE CAETÉS - PE | E4: SINAPI - 05/2025 - Pernambuco ORSE - 05/2025 - Sergipe SEINFRA - 028.1 - Ceará | G4: Serviços: 19,21% Insumos: 10,89% | M4: BANHEIRO
A5: Orçamento Sintético - Onerado | M5: =SUM(I9,I10,I11,I14,I16,I23,I24,I25,I28,I29) -> 104960.8
A6: Item | B6: Código | C6: Banco | D6: Descrição | E6: Und | F6: Quant. | G6: Valor Unit | H6: Valor Unit com BDI | I6: Total
A7: 1.0 | D7: ADMINISTRAÇÃO LOCAL | I7: ='Orçamento Sintético'!I7 -> 30258.12
A8: 2.0 | D8: INSTALAÇÕES PROVISÓRIAS / SERVIÇOS PRELIMINARES | I8: ='Orçamento Sintético'!I9 -> 71415.52
A9: 3.0 | D9: INFRAESTRUTURA - BANHEIROS | I9: ='Orçamento Sintético'!I21 -> 13572.08
A10: 4.0 | D10: SUPERESTRUTURA - BANHEIROS | I10: ='Orçamento Sintético'!I41 -> 31369.95
A11: 5.0 | D11: CHAPISCO / REBOCO - BANHEIROS | I11: ='Orçamento Sintético'!I59 -> 14884.9
A12: 6.0 | D12: PAVIMENTAÇÃO | I12: =SUM(I13:I15) -> 204228.88
A13: 6.1 | D13: PISO - QUADRA | I13: ='Orçamento Sintético'!I67 -> 161739.06
A14: 6.2 | D14: PISO - BANHEIROS | I14: ='Orçamento Sintético'!I73 -> 3056.02
A15: 6.3 | D15: PISO - EXTERNO | I15: ='Orçamento Sintético'!I76 -> 39433.8
A16: 7.0 | D16: COBERTA - BANHEIRO | I16: ='Orçamento Sintético'!I81 -> 4278.27
A17: 8.0 | D17: ESTRUTURA METÁLICA / COBERTA - QUADRA | I17: =SUM(I18:I22) -> 716866.6
A18: 8.1 | D18: BASE - PILARES METÁLICOS | I18: ='Orçamento Sintético'!I87 -> 60148.44
A19: 8.2 | D19: ESTRUTURA METÁLICA | I19: ='Orçamento Sintético'!I97 -> 375313.41
A20: 8.3 | D20: GRAUTE PARA PROTEÇÃO DE PILAR METÁLICO | I20: ='Orçamento Sintético'!I99 -> 1800.91
A21: 8.4 | D21: TELHAMENTO | I21: ='Orçamento Sintético'!I102 -> 217782.55
A22: 8.5 | D22: ALAMBRADO | I22: ='Orçamento Sintético'!I105 -> 61821.29
A23: 9.0 | D23: ESQUADRIAS - BANHEIROS | I23: ='Orçamento Sintético'!I107 -> 12128.1
A24: 10.0 | D24: FORROS - BANHEIROS | I24: ='Orçamento Sintético'!I115 -> 1602.47
A25: 11.0 | D25: ACABAMENTOS DE PISO E PAREDES - BANHEIROS | I25: ='Orçamento Sintético'!I117 -> 15566.66
A26: 12.0 | D26: PINTURA - PISO DA QUADRA / BANHEIROS | I26: =SUM(I27:I29) -> 61924.43
A27: 12.1 | D27: PISO - QUADRA | I27: ='Orçamento Sintético'!I126 -> 53422.08
A28: 12.2 | D28: TETO | I28: ='Orçamento Sintético'!I128 -> 1869.31
A29: 12.3 | D29: PAREDES EXTERNAS | I29: ='Orçamento Sintético'!I132 -> 6633.04
A30: 13.0 | D30: INSTALAÇÕES HIDROSSANITÁRIAS | I30: =SUM(I31:I36) -> 87442.55
A31: 13.1 | D31: INSTALAÇÕES HIDRÁULICAS | I31: ='Orçamento Sintético'!I137 -> 5814.41
A32: 13.2 | D32: TUBULAÇÃO PLUVIAL | I32: ='Orçamento Sintético'!I154 -> 9954.67
A33: 13.3 | D33: INSTALAÇÕES SANITÁRIAS | I33: ='Orçamento Sintético'!I157 -> 14002.48
A34: 13.4 | D34: FOSSA | I34: ='Orçamento Sintético'!I175 -> 14223.59
A35: 13.5 | D35: SUMIDOURO | I35: ='Orçamento Sintético'!I177 -> 6448.31
A36: 13.6 | D36: ACABAMENTOS | I36: ='Orçamento Sintético'!I179 -> 36999.09
A37: 14.0 | D37: INSTALAÇÕES ELETRICAS | I37: =SUM(I38:I45) -> 47636.8
A38: 14.1 | D38: ACESSÓRIOS P/ ELETRODUTOS | I38: ='Orçamento Sintético'!I197 -> 3370.18
A39: 14.2 | D39: CABOS E FIOS CONDUTORES | I39: ='Orçamento Sintético'!I207 -> 7968.39
A40: 14.3 | D40: DISPOSITIVO ELÉTRICO - EMBUTIDO | I40: ='Orçamento Sintético'!I212 -> 557.66
A41: 14.4 | D41: DISPOSITIVO DE PROTEÇÃO | I41: ='Orçamento Sintético'!I216 -> 361.23
A42: 14.5 | D42: ELETRODUTOS | I42: ='Orçamento Sintético'!I220 -> 6674.5
A43: 14.6 | D43: QUADROS E ENTRADAS | I43: ='Orçamento Sintético'!I224 -> 2469.94
A44: 14.7 | D44: ILUMINAÇÃO | I44: ='Orçamento Sintético'!I227 -> 11261.86
A45: 14.8 | D45: SPDA | I45: ='Orçamento Sintético'!I233 -> 14973.04
A46: ='Orçamento Sintético'!A240 -> 15.0 | D46: ='Orçamento Sintético'!D240 -> ARQUIBANCADA | I46: ='Orçamento Sintético'!I240 -> 153151.97
A47: ='Orçamento Sintético'!A281 -> 16.0 | D47: ='Orçamento Sintético'!D281 -> MURO DE ARRIMO / MURO EXTERNO / MURETA DO GRADIL | I47: ='Orçamento Sintético'!I281 -> 249958.43
A48: ='Orçamento Sintético'!A321 -> 17.0 | D48: ='Orçamento Sintético'!D321 -> FACHADA / PORTICO | I48: ='Orçamento Sintético'!I321 -> 75537.44
A49: ='Orçamento Sintético'!A374 -> 18.0 | D49: ='Orçamento Sintético'!D374 -> PAISAGISMO | I49: ='Orçamento Sintético'!I374 -> 5857.24
A50: ='Orçamento Sintético'!A379 -> 19.0 | D50: ='Orçamento Sintético'!D379 -> DIVERSOS | I50: ='Orçamento Sintético'!I379 -> 16533.48
A51: TOTAL | I51: =I7+I8+I9+I10+I11+I12+I16+I17+I23+I24+I25+I26+I30+I37+I46+I47+I48+I49+I50 -> 1814213.9 | J51: 1945107
I52: 1835604.9 | J52: =J51-I51 -> 130893.15
I53: =I51-I52 -> -21390.98

Sheet Orçamento Sintético
A1: PREFEITURA MUNICIPAL DE CAETÉS | K1: ONERADO | L1: DESONERADO
A3: Obra | E3: Bancos | G3: B.D.I.
A4: CONSTRUÇÃO DE UMA QUADRA POLIESPORTIVA NO SITIO BASTIÕES, MUNICIPIO DE CAETÉS - PE | E4: SINAPI - 05/2025 - Pernambuco ORSE - 05/2025 - Sergipe SEINFRA - 028.1 - Ceará | G4: Serviços: 19,21% Insumos: 10,89%
A5: Orçamento Sintético - Onerado
A6: Item | B6: Código | C6: Banco | D6: Descrição | E6: Und | F6: Quant. | G6: Valor Unit | H6: Valor Unit com BDI | I6: Total
A7: 1.0 | D7: ADMINISTRAÇÃO LOCAL | I7: =I8 -> 30258.12
A8: 1.1 | B8: 06 | C8: COMPOSIÇÃO | D8: ADMINISTRAÇÃO LOCAL DA OBRA | E8: UD | F8: =MC!H14 -> 1 | G8: =COMPOSIÇÕES!H119 -> 25382.2 | H8: =ROUND(G8*1.1921,2) -> 30258.12 | I8: =TRUNC(H8*F8,2) -> 30258.12
A9: 2.0 | D9: INSTALAÇÕES PROVISÓRIAS / SERVIÇOS PRELIMINARES | I9: =SUM(I10,I18) -> 71415.52
A10: 2.1 | D10: INSTALAÇÕES PROVISÓRIAS | I10: =SUM(I11:I17) -> 44319.54
A11: 2.1.1 | B11: 98459 | C11: SINAPI | D11: TAPUME COM CHAPA METÁLICA. AF_03/2024 | E11: M2 | F11: =MC!H21 -> 65.71 | G11: =K11 -> 96.17 | H11: =ROUND(G11*1.1921,2) -> 114.64 | I11: =TRUNC(H11*F11,2) -> 7532.99 | K11: 96.17 | L11: 93.32
A12: 2.1.2 | B12: 99059 | C12: SINAPI | D12: LOCAÇÃO CONVENCIONAL DE OBRA, UTILIZANDO GABARITO DE TÁBUAS CORRIDAS PONTALETADAS A CADA 2,00M - 2 UTILIZAÇÕES. AF_03/2024 | E12: M | F12: =MC!H26 -> 143.35 | G12: =K12 -> 69.17 | H12: =ROUND(G12*1.1921,2) -> 82.46 | I12: =TRUNC(H12*F12,2) -> 11820.64 | K12: 69.17 | L12: 65.9
A13: 2.1.3 | B13: 103689 | C13: SINAPI | D13: FORNECIMENTO E INSTALAÇÃO DE PLACA DE OBRA COM CHAPA GALVANIZADA E ESTRUTURA DE MADEIRA. AF_03/2022_PS | E13: M2 | F13: =MC!H31 -> 6 | G13: =K13 -> 468.06 | H13: =ROUND(G13*1.1921,2) -> 557.97 | I13: =TRUNC(H13*F13,2) -> 3347.82 | K13: 468.06 | L13: 464.59
A14: 2.1.4 | B14: 5088 | C14: ORSE | D14: BARRACÃO PARA OBRAS DE MÉDIO PORTE REAPROVEITAMENTO 2 VEZES | E14: M2 | F14: =MC!H36 -> 25 | G14: =K14 -> 251.53 | H14: =ROUND(G14*1.1921,2) -> 299.85 | I14: =TRUNC(H14*F14,2) -> 7496.25 | K14: 251.53 | L14: 251.53
A15: 2.1.5 | B15: 105113 | C15: SINAPI | D15: ESTRUTURA DE MADEIRA PROVISÓRIA PARA SUPORTE DE CAIXA D'ÁGUA ELEVADA DE 2000 LITROS. AF_03/2024 | E15: UD | F15: =MC!H41 -> 1 | G15: =K15 -> 8994.09 | H15: =ROUND(G15*1.1921,2) -> 10721.85 | I15: =TRUNC(H15*F15,2) -> 10721.85 | K15: 8994.09 | L15: 8814.53
A16: 2.1.6 | B16: 102609 | C16: SINAPI | D16: CAIXA D´ÁGUA EM POLIETILENO, 2000 LITROS - FORNECIMENTO E INSTALAÇÃO. AF_06/2021 | E16: UD | F16: =MC!H46 -> 1 | G16: =K16 -> 1113.81 | H16: =ROUND(G16*1.1921,2) -> 1327.77 | I16: =TRUNC(H16*F16,2) -> 1327.77 | K16: 1113.81 | L16: 1112.64
A17: 2.1.7 | B17: 9416 | C17: ORSE | D17: INSTALAÇÃO PROVISÓRIA DE ENERGIA ELÉTRICA, AEREA, TRIFASICA, EM POSTE GALVANIZADO, EXCLUSIVE FORNECIMENTO DO MEDIDOR | E17: UD | F17: =MC!H51 -> 1 | G17: =K17 -> 1738.29 | H17: =ROUND(G17*1.1921,2) -> 2072.22 | I17: =TRUNC(H17*F17,2) -> 2072.22 | K17: 1738.29 | L17: 1738.29
A18: 2.2 | D18: SERVIÇOS PRELIMINARES - MOVIMENTAÇÃO EM TERRA | I18: =SUM(I19:I20) -> 27095.98
A19: 2.1.1 | B19: 101135 | C19: SINAPI | D19: ESCAVAÇÃO HORIZONTAL, INCLUINDO CARGA, DESCARGA E TRANSPORTE EM SOLO DE 1A CATEGORIA COM TRATOR DE ESTEIRAS (150HP/LÂMINA: 3,18M3) E CAMINHÃO BASCULANTE DE 10M3, DMT ATÉ 200M AF_07/2020 | E19: M3 | F19: =MC!H57 -> 1378.07 | G19: =K19 -> 15 | H19: =ROUND(G19*1.1921,2) -> 17.88 | I19: =TRUNC(H19*F19,2) -> 24639.89 | K19: 15 | L19: 14.77
A20: 2.1.2 | B20: 100575 | C20: SINAPI | D20: REGULARIZAÇÃO DE SUPERFÍCIES COM MOTONIVELADORA. AF_09/2024 | E20: M2 | F20: =MC!H62 -> 1192.28 | G20: =K20 -> 1.73 | H20: =ROUND(G20*1.1921,2) -> 2.06 | I20: =TRUNC(H20*F20,2) -> 2456.09 | K20: 1.73 | L20: 1.69
A21: 3.0 | D21: INFRAESTRUTURA - BANHEIROS | I21: =SUM(I22,I31) -> 13572.08
A22: 3.1 | D22: FUNDAÇÕES | I22: =SUM(I23:I30) -> 7140.98
A23: 3.1.1 | B23: 93358 | C23: SINAPI | D23: ESCAVAÇÃO MANUAL DE VALA. AF_09/2024 | E23: M3 | F23: =MC!H72 -> 17.32 | G23: =K23 -> 95.25 | H23: =ROUND(G23*1.1921,2) -> 113.55 | I23: =TRUNC(H23*F23,2) -> 1966.68 | K23: 95.25 | L23: 88.05
A24: 3.1.2 | B24: 101616 | C24: SINAPI | D24: PREPARO DE FUNDO DE VALA COM LARGURA MENOR QUE 1,5 M (ACERTO DO SOLO NATURAL). AF_08/2020 | E24: M2 | F24: =MC!H80 -> 11.18 | G24: =K24 -> 6.93 | H24: =ROUND(G24*1.1921,2) -> 8.26 | I24: =TRUNC(H24*F24,2) -> 92.34 | K24: 6.93 | L24: 6.38
A25: 3.1.3 | B25: 96619 | C25: SINAPI | D25: LASTRO DE CONCRETO MAGRO, APLICADO EM BLOCOS DE COROAMENTO OU SAPATAS, ESPESSURA DE 5 CM. AF_01/2024 | E25: M2 | F25: =MC!H85 -> 11.18 | G25: =K25 -> 40.94 | H25: =ROUND(G25*1.1921,2) -> 48.8 | I25: =TRUNC(H25*F25,2) -> 545.58 | K25: 40.94 | L25: 39.47
A26: 3.1.4 | B26: 96535 | C26: SINAPI | D26: FABRICAÇÃO, MONTAGEM E DESMONTAGEM DE FÔRMA PARA SAPATA, EM MADEIRA SERRADA, E=25 MM, 4UTILIZAÇÕES. AF_01/2024 | E26: M2 | F26: =MC!H90 -> 7.5 | G26: =K26 -> 143.34 | H26: =ROUND(G26*1.1921,2) -> 170.88 | I26: =ROUND(H26*F26,2) -> 1281.6 | K26: 143.34 | L26: 134.78
A27: 3.1.5 | B27: 104919 | C27: SINAPI | D27: ARMAÇÃO DE SAPATA ISOLADA, VIGA BALDRAME E SAPATA CORRIDA UTILIZANDO AÇO CA-50 DE 10 MM - MONTAGEM. AF_01/2024 | E27: KG | F27: =MC!H95 -> 96 | G27: =K27 -> 12.91 | H27: =ROUND(G27*1.1921,2) -> 15.39 | I27: =ROUND(H27*F27,2) -> 1477.44 | K27: 12.91 | L27: 12.62
A28: 3.1.6 | B28: 104916 | C28: SINAPI | D28: ARMAÇÃO DE SAPATA ISOLADA, VIGA BALDRAME E SAPATA CORRIDA UTILIZANDO AÇO CA-60 DE 5 MM - MONTAGEM. AF_01/2024 | E28: KG | F28: =MC!H100 -> 3 | G28: =K28 -> 17.23 | H28: =ROUND(G28*1.1921,2) -> 20.54 | I28: =ROUND(H28*F28,2) -> 61.62 | K28: 17.23 | L28: 16.56
A29: 3.1.7 | B29: 96558 | C29: SINAPI | D29: CONCRETAGEM DE SAPATA, FCK 30 MPA, COM USO DE BOMBA - LANÇAMENTO, ADENSAMENTO E ACABAMENTO. AF_01/2024 | E29: M3 | F29: =MC!H108 -> 1.46 | G29: =K29 -> 740.63 | H29: =ROUND(G29*1.1921,2) -> 882.91 | I29: =TRUNC(H29*F29,2) -> 1289.04 | K29: 740.63 | L29: 737.6
A30: 3.1.8 | B30: 104737 | C30: SINAPI | D30: REATERRO MANUAL DE VALAS, COM PLACA VIBRATÓRIA. AF_08/2023 | E30: M3 | F30: =MC!H116 -> 14.94 | G30: =K30 -> 23.96 | H30: =ROUND(G30*1.1921,2) -> 28.56 | I30: =TRUNC(H30*F30,2) -> 426.68 | K30: 23.96 | L30: 22.34
A31: 3.2 | D31: VIGAS BALDRAMES | I31: =SUM(I32:I40) -> 6431.1
A32: 3.2.1 | B32: 93358 | C32: SINAPI | D32: ESCAVAÇÃO MANUAL DE VALA. AF_09/2024 | E32: M3 | F32: =MC!H123 -> 6.06 | G32: =K32 -> 95.25 | H32: =ROUND(G32*1.1921,2) -> 113.55 | I32: =TRUNC(H32*F32,2) -> 688.11 | K32: 95.25 | L32: 88.05
A33: 3.2.2 | B33: 101616 | C33: SINAPI | D33: PREPARO DE FUNDO DE VALA COM LARGURA MENOR QUE 1,5 M (ACERTO DO SOLO NATURAL). AF_08/2020 | E33: M2 | F33: =MC!H129 -> 17.3 | G33: =K33 -> 6.93 | H33: =ROUND(G33*1.1921,2) -> 8.26 | I33: =TRUNC(H33*F33,2) -> 142.89 | K33: 6.93 | L33: 6.38
A34: 3.2.3 | B34: 95241 | C34: SINAPI | D34: LASTRO DE CONCRETO MAGRO, APLICADO EM PISOS, LAJES SOBRE SOLO OU RADIERS, ESPESSURA DE 5 CM. AF_01/2024 | E34: M2 | F34: =MC!H134 -> 17.3 | G34: =K34 -> 37.66 | H34: =ROUND(G34*1.1921,2) -> 44.89 | I34: =TRUNC(H34*F34,2) -> 776.59 | K34: 37.66 | L34: 36.45
A35: 3.2.4 | B35: 96536 | C35: SINAPI | D35: FABRICAÇÃO, MONTAGEM E DESMONTAGEM DE FÔRMA PARA VIGA BALDRAME, EM MADEIRA SERRADA, E=25 MM, 4 UTILIZAÇÕES. AF_06/2017 | E35: M2 | F35: =MC!H139 -> 18.8 | G35: =K35 -> 75.71 | H35: =ROUND(G35*1.1921,2) -> 90.25 | I35: =ROUND(H35*F35,2) -> 1696.7 | K35: 75.71 | L35: 72.05
A36: 3.2.5 | B36: 104916 | C36: SINAPI | D36: ARMAÇÃO DE SAPATA ISOLADA, VIGA BALDRAME E SAPATA CORRIDA UTILIZANDO AÇO CA-60 DE 5 MM - MONTAGEM. AF_01/2024 | E36: KG | F36: =MC!H144 -> 29 | G36: =K36 -> 17.23 | H36: =ROUND(G36*1.1921,2) -> 20.54 | I36: =ROUND(H36*F36,2) -> 595.66 | K36: 17.23 | L36: 16.56
A37: 3.2.6 | B37: 104917 | C37: SINAPI | D37: ARMAÇÃO DE SAPATA ISOLADA, VIGA BALDRAME E SAPATA CORRIDA UTILIZANDO AÇO CA-50 DE 6,3 MM - MONTAGEM. AF_01/2024 | E37: KG | F37: =MC!H149 -> 1 | G37: =K37 -> 15.83 | H37: =ROUND(G37*1.1921,2) -> 18.87 | I37: =ROUND(H37*F37,2) -> 18.87 | K37: 15.83 | L37: 15.33
A38: 3.2.7 | B38: 104918 | C38: SINAPI | D38: ARMAÇÃO DE SAPATA ISOLADA, VIGA BALDRAME E SAPATA CORRIDA UTILIZANDO AÇO CA-50 DE 8 MM - MONTAGEM. AF_01/2024 | E38: KG | F38: =MC!H154 -> 63 | G38: =K38 -> 14.56 | H38: =ROUND(G38*1.1921,2) -> 17.36 | I38: =ROUND(H38*F38,2) -> 1093.68 | K38: 14.56 | L38: 14.2
A39: 3.2.8 | B39: 96557 | C39: SINAPI | D39: CONCRETAGEM DE BLOCO DE COROAMENTO OU VIGA BALDRAME, FCK 30 MPA, COM USO DE BOMBA - LANÇAMENTO, ADENSAMENTO E ACABAMENTO. AF_01/2024 | E39: M3 | F39: =MC!H159 -> 1.56 | G39: =K39 -> 707.08 | H39: =ROUND(G39*1.1921,2) -> 842.91 | I39: =TRUNC(H39*F39,2) -> 1314.93 | K39: 707.08 | L39: 705.36
A40: 3.2.9 | B40: 104737 | C40: SINAPI | D40: REATERRO MANUAL DE VALAS, COM PLACA VIBRATÓRIA. AF_08/2023 | E40: M3 | F40: =MC!H166 -> 3.63 | G40: =K40 -> 23.96 | H40: =ROUND(G40*1.1921,2) -> 28.56 | I40: =TRUNC(H40*F40,2) -> 103.67 | K40: 23.96 | L40: 22.34
A41: 4.0 | D41: SUPERESTRUTURA - BANHEIROS | I41: =SUM(I42,I47,I53,I55) -> 31369.95
A42: 4.1 | D42: PILARES | I42: =SUM(I43:I46) -> 7565.14
A43: 4.1.1 | B43: 92443 | C43: SINAPI | D43: MONTAGEM E DESMONTAGEM DE FÔRMA DE PILARES RETANGULARES E ESTRUTURAS SIMILARES, PÉ-DIREITO SIMPLES, EM CHAPA DE MADEIRA COMPENSADA PLASTIFICADA, 18 UTILIZAÇÕES. AF_09/2020 | E43: M2 | F43: =MC!H173 -> 37.6 | G43: =K43 -> 54.48 | H43: =ROUND(G43*1.1921,2) -> 64.95 | I43: =ROUND(H43*F43,2) -> 2442.12 | K43: 54.48 | L43: 52.57
A44: 4.1.2 | B44: 92759 | C44: SINAPI | D44: ARMAÇÃO DE PILAR OU VIGA DE ESTRUTURA CONVENCIONAL DE CONCRETO ARMADO UTILIZANDO AÇO CA-60 DE 5,0 MM - MONTAGEM. AF_06/2022 | E44: KG | F44: =MC!H178 -> 54 | G44: =K44 -> 14.39 | H44: =ROUND(G44*1.1921,2) -> 17.15 | I44: =ROUND(H44*F44,2) -> 926.1 | K44: 14.39 | L44: 13.95
A45: 4.1.3 | B45: 92762 | C45: SINAPI | D45: ARMAÇÃO DE PILAR OU VIGA DE ESTRUTURA CONVENCIONAL DE CONCRETO ARMADO UTILIZANDO AÇO CA-50 DE 10,0 MM - MONTAGEM. AF_06/2022 | E45: KG | F45: =MC!H183 -> 211 | G45: =K45 -> 11.09 | H45: =ROUND(G45*1.1921,2) -> 13.22 | I45: =ROUND(H45*F45,2) -> 2789.42 | K45: 11.09 | L45: 10.94
A46: 4.1.4 | B46: 103672 | C46: SINAPI | D46: CONCRETAGEM DE PILARES, FCK = 25 MPA, COM USO DE BOMBA - LANÇAMENTO, ADENSAMENTO E ACABAMENTO. AF_02/2022_PS | E46: M3 | F46: =MC!H188 -> 1.84 | G46: =K46 -> 641.68 | H46: =ROUND(G46*1.1921,2) -> 764.95 | I46: =TRUNC(H46*F46,2) -> 1407.5 | K46: 641.68 | L46: 638.16
A47: 4.2 | D47: VIGAS SUPERIORES | I47: =SUM(I48:I52) -> 4361.94
A48: 4.2.1 | B48: 92479 | C48: SINAPI | D48: MONTAGEM E DESMONTAGEM DE FÔRMA DE VIGA, ESCORAMENTO COM GARFO DE MADEIRA, PÉ-DIREITO SIMPLES, EM CHAPA DE MADEIRA PLASTIFICADA, 18 UTILIZAÇÕES. AF_09/2020 | E48: M2 | F48: =MC!H194 -> 17.94 | G48: =K48 -> 71.71 | H48: =ROUND(G48*1.1921,2) -> 85.49 | I48: =ROUND(H48*F48,2) -> 1533.69 | K48: 71.71 | L48: 69.42
A49: 4.2.2 | B49: 92759 | C49: SINAPI | D49: ARMAÇÃO DE PILAR OU VIGA DE ESTRUTURA CONVENCIONAL DE CONCRETO ARMADOUTILIZANDO AÇO CA-60 DE 5,0 MM - MONTAGEM. AF_06/2022 | E49: KG | F49: =MC!H199 -> 30 | G49: =K49 -> 14.39 | H49: =ROUND(G49*1.1921,2) -> 17.15 | I49: =ROUND(H49*F49,2) -> 514.5 | K49: 14.39 | L49: 13.95
A50: 4.2.3 | B50: 92761 | C50: SINAPI | D50: ARMAÇÃO DE PILAR OU VIGA DE ESTRUTURA CONVENCIONAL DE CONCRETO ARMADO UTILIZANDO AÇO CA-50 DE 8,0 MM - MONTAGEM. AF_06/2022 | E50: KG | F50: =MC!H204 -> 63 | G50: =K50 -> 12.51 | H50: =ROUND(G50*1.1921,2) -> 14.91 | I50: =ROUND(H50*F50,2) -> 939.33 | K50: 12.51 | L50: 12.31
A51: 4.2.4 | B51: 92762 | C51: SINAPI | D51: ARMAÇÃO DE PILAR OU VIGA DE ESTRUTURA CONVENCIONAL DE CONCRETO ARMADO UTILIZANDO AÇO CA-50 DE 10,0 MM - MONTAGEM. AF_06/2022 | E51: KG | F51: =MC!H209 -> 7 | G51: =K51 -> 11.09 | H51: =ROUND(G51*1.1921,2) -> 13.22 | I51: =ROUND(H51*F51,2) -> 92.54 | K51: 11.09 | L51: 10.94
A52: 4.2.5 | B52: 103674 | C52: SINAPI | D52: CONCRETAGEM DE VIGAS E LAJES, FCK=25 MPA, PARA LAJES PREMOLDADAS COM USO DE BOMBA - LANÇAMENTO, ADENSAMENTO E ACABAMENTO. AF_02/2022_PS | E52: M3 | F52: =MC!H214 -> 1.62 | G52: =K52 -> 663.78 | H52: =ROUND(G52*1.1921,2) -> 791.29 | I52: =TRUNC(H52*F52,2) -> 1281.88 | K52: 663.78 | L52: 658.44
A53: 4.3 | D53: LAJE | I53: =I54 -> 2261.4
A54: 4.3.1 | B54: 7393 | C54: ORSE | D54: LAJE PRÉ-FABRICADA TRELIÇADA PARA PISO OU COBERTURA, INTEREIXO 38CM, H=12CM, EL. ENCHIMENTO EM EPS H=8CM, INCLUSIVE ESCORAMENTO EM MADEIRA E CAPEAMENTO 4CM | E54: M2 | F54: =MC!H220 -> 11.75 | G54: =K54 -> 161.45 | H54: =ROUND(G54*1.1921,2) -> 192.46 | I54: =TRUNC(H54*F54,2) -> 2261.4 | K54: 161.45 | L54: 161.45
A55: 4.4 | D55: ALVENARIA E VEDAÇÕES | I55: =SUM(I56:I58) -> 17181.47
A56: 4.4.1 | B56: 103328 | C56: SINAPI | D56: ALVENARIA DE VEDAÇÃO DE BLOCOS CERÂMICOS FURADOS NA HORIZONTAL DE 9X19X19 CM (ESPESSURA 9 CM) E ARGAMASSA DE ASSENTAMENTO COM PREPARO EM BETONEIRA. AF_12/2021 | E56: M2 | F56: =MC!H233 -> 151.71 | G56: =K56 -> 93.39 | H56: =ROUND(G56*1.1921,2) -> 111.33 | I56: =TRUNC(H56*F56,2) -> 16889.87 | K56: 93.39 | L56: 87.94
A57: 4.4.2 | B57: 93184 | C57: SINAPI | D57: VERGA PRÉ-MOLDADA COM ATÉ 1,5 M DE VÃO, ESPESSURA DE *20* CM. AF_03/2024 | E57: M | F57: =MC!H240 -> 6 | G57: =K57 -> 29.34 | H57: =ROUND(G57*1.1921,2) -> 34.98 | I57: =TRUNC(H57*F57,2) -> 209.88 | K57: 29.34 | L57: 28.71
A58: 4.4.3 | B58: 93194 | C58: SINAPI | D58: CONTRAVERGA PRÉ-MOLDADA, ESPESSURA DE *20* CM. AF_03/2024 | E58: M | F58: =MC!H245 -> 2.4 | G58: =K58 -> 28.56 | H58: =ROUND(G58*1.1921,2) -> 34.05 | I58: =TRUNC(H58*F58,2) -> 81.72 | K58: 28.56 | L58: 27.95
A59: 5.0 | D59: CHAPISCO / REBOCO - BANHEIROS | I59: =I60+I63 -> 14884.9
A60: 5.1 | D60: PAREDES INTERNAS | I60: =SUM(I61:I62) -> 3950.37
A61: 5.1.1 | B61: 87879 | C61: SINAPI | D61: CHAPISCO APLICADO EM ALVENARIAS E ESTRUTURAS DE CONCRETO INTERNAS, COM COLHER DE PEDREIRO. ARGAMASSA TRAÇO 1:3 COM PREPARO EM BETONEIRA 400L. AF_10/2022 | E61: M2 | F61: =MC!H261 -> 97.3 | G61: =K61 -> 4.58 | H61: =ROUND(G61*1.1921,2) -> 5.46 | I61: =TRUNC(H61*F61,2) -> 531.25 | K61: 4.58 | L61: 4.33
A62: 5.1.2 | B62: 87547 | C62: SINAPI | D62: MASSA ÚNICA, EM ARGAMASSA TRAÇO 1:2:8, PREPARO MECÂNICO, APLICADA MANUALMENTE EM PAREDES INTERNAS DE AMBIENTES COM ÁREA ENTRE 5M² E 10M², E = 10MM, COM TALISCAS. AF_03/2024 | E62: M2 | F62: =MC!H266 -> 97.3 | G62: =K62 -> 29.48 | H62: =ROUND(G62*1.1921,2) -> 35.14 | I62: =TRUNC(H62*F62,2) -> 3419.12 | K62: 29.48 | L62: 28.04
A63: 5.2 | D63: PAREDES EXTERNAS | I63: =SUM(I64:I65) -> 10934.53
A64: 5.2.1 | B64: 87905 | C64: SINAPI | D64: CHAPISCO APLICADO EM ALVENARIA (COM PRESENÇA DE VÃOS) E ESTRUTURAS DE CONCRETO DE FACHADA, COM COLHER DE PEDREIRO. ARGAMASSA TRAÇO 1:3 COM PREPARO EM BETONEIRA 400L. AF_10/2022 | E64: M2 | F64: =MC!H278 -> 123.61 | G64: =K64 -> 8.46 | H64: =ROUND(G64*1.1921,2) -> 10.09 | I64: =TRUNC(H64*F64,2) -> 1247.22 | K64: 8.46 | L64: 7.9
A65: 5.2.2 | B65: 87777 | C65: SINAPI | D65: EMBOÇO OU MASSA ÚNICA EM ARGAMASSA TRAÇO 1:2:8, PREPARO MANUAL, APLICADA MANUALMENTE EM PANOS DE FACHADA COM PRESENÇA DE VÃOS, ESPESSURA DE 25 MM. AF_08/2022 | E65: M2 | F65: =MC!H283 -> 123.61 | G65: =K65 -> 65.74 | H65: =ROUND(G65*1.1921,2) -> 78.37 | I65: =TRUNC(H65*F65,2) -> 9687.31 | K65: 65.74 | L65: 62.22
A66: 6.0 | D66: PAVIMENTAÇÃO | I66: =SUM(I67,I73,I76) -> 204228.88
A67: 6.1 | D67: PISO - QUADRA | I67: =SUM(I68:I72) -> 161739.06
A68: 6.1.1 | B68: 97083 | C68: SINAPI | D68: COMPACTAÇÃO MECÂNICA DE SOLO PARA EXECUÇÃO DE RADIER, PISO DE CONCRETO OU LAJE SOBRE SOLO, COM COMPACTADOR DE SOLOS A PERCUSSÃO. AF_09/2021 | E68: M2 | F68: =MC!H290 -> 564 | G68: =K68 -> 3.67 | H68: =ROUND(G68*1.1921,2) -> 4.38 | I68: =TRUNC(H68*F68,2) -> 2470.32 | K68: 3.67 | L68: 3.4
A69: 6.1.2 | B69: 96620 | C69: SINAPI | D69: LASTRO DE CONCRETO MAGRO, APLICADO EM PISOS, LAJES SOBRE SOLO OU RADIERS. AF_01/2024 | E69: M3 | F69: =MC!H295 -> 56.4 | G69: =K69 -> 753.54 | H69: =ROUND(G69*1.1921,2) -> 898.3 | I69: =TRUNC(H69*F69,2) -> 50664.12 | K69: 753.54 | L69: 729.29
A70: 6.1.3 | B70: 103913 | C70: SINAPI | D70: EXECUÇÃO DE PISO INDUSTRIAL DE CONCRETO ARMADO, FCK = 20 MPA, ESPESSURA DE 12,0 CM. AF_04/2022 | E70: M2 | F70: =MC!H300 -> 564 | G70: =K70 -> 120.31 | H70: =ROUND(G70*1.1921,2) -> 143.42 | I70: =TRUNC(H70*F70,2) -> 80888.88 | K70: 120.31 | L70: 119.2
A71: 6.1.4 | B71: 97097 | C71: SINAPI | D71: ACABAMENTO POLIDO PARA PISO DE CONCRETO ARMADO OU LAJE SOBRE SOLO DE ALTA RESISTÊNCIA. AF_09/2021 | E71: M2 | F71: =MC!H305 -> 564 | G71: =K71 -> 40.89 | H71: =ROUND(G71*1.1921,2) -> 48.74 | I71: =TRUNC(H71*F71,2) -> 27489.36 | K71: 40.89 | L71: 40.68
A72: 6.1.5 | B72: 3671 | C72: SINAPI I | D72: JUNTA PLASTICA DE DILATACAO PARA PISOS, COR CINZA, 17 X 3 MM (ALTURA X ESPESSURA) | E72: M | F72: =MC!H311 -> 154 | G72: =K72 -> 1.33 | H72: =ROUND(G72*1.1089,2) -> 1.47 | I72: =TRUNC(H72*F72,2) -> 226.38 | K72: 1.33 | L72: 1.33
A73: 6.2 | D73: PISO - BANHEIROS | I73: =SUM(I74:I75) -> 3056.02
A74: 6.2.1 | B74: 96620 | C74: SINAPI | D74: LASTRO DE CONCRETO MAGRO, APLICADO EM PISOS, LAJES SOBRE SOLO OU RADIERS. AF_01/2024 | E74: M3 | F74: =MC!H320 -> 1.4 | G74: =K74 -> 753.54 | H74: =ROUND(G74*1.1921,2) -> 898.3 | I74: =TRUNC(H74*F74,2) -> 1257.62 | K74: 753.54 | L74: 729.29
A75: 6.2.2 | B75: 87745 | C75: SINAPI | D75: CONTRAPISO EM ARGAMASSA TRAÇO 1:4 (CIMENTO E AREIA), PREPARO MECÂNICO COM BETONEIRA 400 L, APLICADO EM ÁREAS MOLHADAS SOBRE LAJE, ADERIDO, ACABAMENTO NÃO REFORÇADO, ESPESSURA 3CM. AF_07/2021 | E75: M2 | F75: =MC!H328 -> 28.03 | G75: =K75 -> 53.82 | H75: =ROUND(G75*1.1921,2) -> 64.16 | I75: =TRUNC(H75*F75,2) -> 1798.4 | K75: 53.82 | L75: 51.58
A76: 6.3 | D76: PISO - EXTERNO | I76: =SUM(I77:I80) -> 39433.8
A77: 6.1.1 | B77: 96620 | C77: SINAPI | D77: LASTRO DE CONCRETO MAGRO, APLICADO EM PISOS, LAJES SOBRE SOLO OU RADIERS. AF_01/2024 | E77: M3 | F77: =MC!H334 -> 8.88 | G77: =K77 -> 753.54 | H77: =ROUND(G77*1.1921,2) -> 898.3 | I77: =TRUNC(H77*F77,2) -> 7976.9 | K77: 753.54 | L77: 729.29
A78: 6.1.2 | B78: 94994 | C78: SINAPI | D78: EXECUÇÃO DE PASSEIO (CALÇADA) OU PISO DE CONCRETO COM CONCRETO MOLDADO IN LOCO, FEITO EM OBRA, ACABAMENTO CONVENCIONAL, ESPESSURA 8 CM, ARMADO. AF_08/2022 | E78: M2 | F78: =MC!H339 -> 177.6 | G78: =K78 -> 95.31 | H78: =ROUND(G78*1.1921,2) -> 113.62 | I78: =TRUNC(H78*F78,2) -> 20178.91 | K78: 95.31 | L78: 93.23
A79: 6.1.3 | B79: 92396 | C79: SINAPI | D79: EXECUÇÃO DE PASSEIO EM PISO INTERTRAVADO, COM BLOCO RETANGULAR COR NATURAL DE 20 X 10 CM, ESPESSURA 6 CM. AF_12/2015 | E79: M2 | F79: =MC!H344 -> 91.82 | G79: =K79 -> 83.63 | H79: =ROUND(G79*1.1921,2) -> 99.7 | I79: =ROUND(H79*F79,2) -> 9154.45 | K79: 83.63 | L79: 82.07
A80: 6.1.4 | B80: 96624 | C80: SINAPI | D80: LASTRO COM MATERIAL GRANULAR (PEDRA BRITADA N.2), APLICADO EM PISOS OU LAJES SOBRE SOLO, ESPESSURA DE *10 CM*. AF_01/2024 | E80: M3 | F80: =MC!H349 -> 10.16 | G80: 175.33 | H80: =ROUND(G80*1.1921,2) -> 209.01 | I80: =TRUNC(H80*F80,2) -> 2123.54 | K80: 183.1 | L80: 178.11
A81: 7.0 | D81: COBERTA - BANHEIRO | I81: =SUM(I82:I85) -> 4278.27
A82: 7.1 | B82: 92580 | C82: SINAPI | D82: TRAMA DE AÇO COMPOSTA POR TERÇAS PARA TELHADOS DE ATÉ 2 ÁGUAS PARA TELHA ONDULADA DE FIBROCIMENTO, METÁLICA, PLÁSTICA OU TERMOACÚSTICA, INCLUSO TRANSPORTE VERTICAL. AF_07/2019 | E82: M2 | F82: =MC!H355 -> 16.03 | G82: =K82 -> 47.11 | H82: =ROUND(G82*1.1921,2) -> 56.16 | I82: =TRUNC(H82*F82,2) -> 900.24 | K82: 47.11 | L82: 46.51
A83: 7.2 | B83: 284 | C83: ORSE | D83: TELHAMENTO COM TELHA EM ALUMÍNIO, SIMPLES, TRAPEZOIDAL, NÃO PINTADA E = 0,5 MM - REV. 01 | E83: M2 | F83: =MC!H360 -> 16.03 | G83: =K83 -> 117.46 | H83: =ROUND(G83*1.1921,2) -> 140.02 | I83: =TRUNC(H83*F83,2) -> 2244.52 | K83: 117.46 | L83: 117.46
A84: 7.3 | B84: 94231 | C84: SINAPI | D84: RUFO EM CHAPA DE AÇO GALVANIZADO NÚMERO 24, CORTE DE 25 CM, INCLUSO TRANSPORTE VERTICAL. AF_07/2019 | E84: M | F84: =MC!H365 -> 10.95 | G84: =K84 -> 46.95 | H84: =ROUND(G84*1.1921,2) -> 55.97 | I84: =TRUNC(H84*F84,2) -> 612.87 | K84: 46.95 | L84: 46.24
A85: 7.4 | B85: 94228 | C85: SINAPI | D85: CALHA EM CHAPA DE AÇO GALVANIZADO NÚMERO 24, DESENVOLVIMENTO DE 50 CM, INCLUSO TRANSPORTE VERTICAL. AF_07/2019 | E85: M | F85: =MC!H370 -> 5.65 | G85: =K85 -> 77.3 | H85: =ROUND(G85*1.1921,2) -> 92.15 | I85: =TRUNC(H85*F85,2) -> 520.64 | K85: 77.3 | L85: 75.91
A86: 8.0 | D86: ESTRUTURA METÁLICA / COBERTA - QUADRA | I86: =SUM(I87,I97,I99,I102,I105) -> 716866.6
A87: 8.1 | D87: BASE - PILARES METÁLICOS | I87: =SUM(I88:I96) -> 60148.44
A88: 8.1.1 | B88: 93358 | C88: SINAPI | D88: ESCAVAÇÃO MANUAL DE VALA. AF_09/2024 | E88: M3 | F88: =MC!H380 -> 45.96 | G88: =K88 -> 95.25 | H88: =ROUND(G88*1.1921,2) -> 113.55 | I88: =TRUNC(H88*F88,2) -> 5218.75 | K88: 95.25 | L88: 88.05
A89: 8.1.2 | B89: 101616 | C89: SINAPI | D89: PREPARO DE FUNDO DE VALA COM LARGURA MENOR QUE 1,5 M (ACERTO DO SOLO NATURAL). AF_08/2020 | E89: M2 | F89: =MC!H388 -> 111.12 | G89: =K89 -> 6.93 | H89: =ROUND(G89*1.1921,2) -> 8.26 | I89: =TRUNC(H89*F89,2) -> 917.85 | K89: 6.93 | L89: 6.38
A90: 8.1.3 | B90: 96619 | C90: SINAPI | D90: LASTRO DE CONCRETO MAGRO, APLICADO EM BLOCOS DE COROAMENTO OU SAPATAS, ESPESSURA DE 5 CM. AF_01/2024 | E90: M2 | F90: =MC!H393 -> 111.12 | G90: =K90 -> 40.94 | H90: =ROUND(G90*1.1921,2) -> 48.8 | I90: =TRUNC(H90*F90,2) -> 5422.65 | K90: 40.94 | L90: 39.47
A91: 8.1.4 | B91: 96535 | C91: SINAPI | D91: FABRICAÇÃO, MONTAGEM E DESMONTAGEM DE FÔRMA PARA SAPATA, EM MADEIRA SERRADA, E=25 MM, 4UTILIZAÇÕES. AF_01/2024 | E91: M2 | F91: =MC!H401 -> 67.4 | G91: =K91 -> 143.34 | H91: =ROUND(G91*1.1921,2) -> 170.88 | I91: =ROUND(H91*F91,2) -> 11517.31 | K91: 143.34 | L91: 134.78
A92: 8.1.5 | B92: 104919 | C92: SINAPI | D92: ARMAÇÃO DE SAPATA ISOLADA, VIGA BALDRAME E SAPATA CORRIDA UTILIZANDO AÇO CA-50 DE 10 MM - MONTAGEM. AF_01/2024 | E92: KG | F92: =MC!H406 -> 201 | G92: =K92 -> 12.91 | H92: =ROUND(G92*1.1921,2) -> 15.39 | I92: =ROUND(H92*F92,2) -> 3093.39 | K92: 12.91 | L92: 12.62
A93: 8.1.6 | B93: 104920 | C93: SINAPI | D93: ARMAÇÃO DE BLOCO, SAPATA ISOLADA, VIGA BALDRAME E SAPATA CORRIDA UTILIZANDO AÇO CA-50 DE 12,5MM - MONTAGEM. AF_01/2024 | E93: KG | F93: =MC!H411 -> 753 | G93: =K93 -> 10.91 | H93: =ROUND(G93*1.1921,2) -> 13.01 | I93: =ROUND(H93*F93,2) -> 9796.53 | K93: 10.91 | L93: 10.69
A94: 8.1.7 | B94: 104916 | C94: SINAPI | D94: ARMAÇÃO DE SAPATA ISOLADA, VIGA BALDRAME E SAPATA CORRIDA UTILIZANDO AÇO CA-60 DE 5 MM - MONTAGEM. AF_01/2024 | E94: KG | F94: =MC!H416 -> 48 | G94: =K94 -> 17.23 | H94: =ROUND(G94*1.1921,2) -> 20.54 | I94: =ROUND(H94*F94,2) -> 985.92 | K94: 17.23 | L94: 16.56
A95: 8.1.8 | B95: 96558 | C95: SINAPI | D95: CONCRETAGEM DE SAPATA, FCK 30 MPA, COM USO DE BOMBA - LANÇAMENTO, ADENSAMENTO E ACABAMENTO. AF_01/2024 | E95: M3 | F95: =MC!H424 -> 25.8 | G95: =K95 -> 740.63 | H95: =ROUND(G95*1.1921,2) -> 882.91 | I95: =TRUNC(H95*F95,2) -> 22779.07 | K95: 740.63 | L95: 737.6
A96: 8.1.9 | B96: 104737 | C96: SINAPI | D96: REATERRO MANUAL DE VALAS, COM PLACA VIBRATÓRIA. AF_08/2023 | E96: M3 | F96: =MC!H431 -> 14.6 | G96: =K96 -> 23.96 | H96: =ROUND(G96*1.1921,2) -> 28.56 | I96: =TRUNC(H96*F96,2) -> 416.97 | K96: 23.96 | L96: 22.34
A97: 8.2 | D97: ESTRUTURA METÁLICA | I97: =I98 -> 375313.41
A98: 8.2.1 | B98: 03 | C98: COMPOSIÇÃO | D98: ESTRUTURA TRELIÇADA DE COBERTURA, TIPO FINK, COM LIGAÇÕES SOLDADAS, INCLUSOS PERFIS METÁLICOS, CHAPAS METÁLICAS, MÃO DE OBRA E TRANSPORTE COM GUINDASTE - FORNECIMENTO E INSTALAÇÃO. (COMPOSIÇÃO da SINAPI 100775 ADAPTADA) | E98: KG | F98: =MC!H437 -> 24805.91 | G98: =COMPOSIÇÕES!H70 -> 12.687714 | H98: =ROUND(G98*1.1921,2) -> 15.13 | I98: =TRUNC(H98*F98,2) -> 375313.41
A99: 8.3 | D99: GRAUTE PARA PROTEÇÃO DE PILAR METÁLICO | I99: =SUM(I100:I101) -> 1800.91
A100: 8.3.1 | B100: 92427 | C100: SINAPI | D100: MONTAGEM E DESMONTAGEM DE FÔRMA DE PILARES RETANGULARES E ESTRUTURAS SIMILARES, PÉ-DIREITO SIMPLES, EM CHAPA DE MADEIRA COMPENSADA RESINADA, 8 UTILIZAÇÕES. AF_09/2020 | E100: M2 | F100: =MC!H444 -> 12.8 | G100: =K100 -> 69.19 | H100: =ROUND(G100*1.1921,2) -> 82.48 | I100: =TRUNC(H100*F100,2) -> 1055.74 | K100: 69.19 | L100: 66.7
A101: 8.3.2 | B101: 90278 | C101: SINAPI | D101: GRAUTE FGK=15 MPA; TRAÇO 1:0,04:2,2:2,5 (EM MASSA SECA DE CIMENTO/CAL/AREIA GROSSA/BRITA 0) - PREPARO MECÂNICO COM BETONEIRA 400 L. AF_09/2021 | E101: M3 | F101: =MC!H449 -> 1.2 | G101: =K101 -> 520.91 | H101: =ROUND(G101*1.1921,2) -> 620.98 | I101: =TRUNC(H101*F101,2) -> 745.17 | K101: 520.91 | L101: 514.07
...

Sheet MC
A1: PREFEITURA MUNICIPAL DE CAETÉS
A3: MEMÓRIA DE CÁLCULO
A6: OBRA: | B6: CONSTRUÇÃO DE UMA QUADRA POLIESPORTIVA NO MUNICIPIO DE CAETÉS - PE
A7: LOCAL: | B7: CAETÉS - PE
A9: ='Orçamento Sintético'!A7 -> 1.0 | B9: ='Orçamento Sintético'!D7 -> ADMINISTRAÇÃO LOCAL
A10: ='Orçamento Sintético'!A8 -> 1.1 | B10: ='Orçamento Sintético'!D8 -> ADMINISTRAÇÃO LOCAL DA OBRA
B11: Local do Serviço | C11: Quant. | D11: Área m² | E11: Comp. | F11: Larg. | G11: altura / * | H11: Total
B12: Encarregado geral de obras - meio expediente | C12: 1 | H12: =PRODUCT(C12,D12,E12,F12,G12) -> 1
H13: =ROUND(IF(PRODUCT(IF(C13=0,1,C13),IF(D13=0,1,D13),IF(E13=0,1,E13),IF(F13=0,1,F13),IF(G13=0,1,G13))=1,0,PRODUCT(IF(C13=0,1,C13),IF(D13=0,1,D13),IF(E13=0,1,E13),IF(F13=0,1,F13),IF(G13=0,1,G13))),2) -> 0
F14: Total | G14: = | H14: =SUM(H12:H12) -> 1 | I14: mês
A15: ='Orçamento Sintético'!A9 -> 2.0 | B15: ='Orçamento Sintético'!D9 -> INSTALAÇÕES PROVISÓRIAS / SERVIÇOS PRELIMINARES
A16: ='Orçamento Sintético'!A10 -> 2.1 | B16: ='Orçamento Sintético'!D10 -> INSTALAÇÕES PROVISÓRIAS
A17: ='Orçamento Sintético'!A11 -> 2.1.1 | B17: ='Orçamento Sintético'!D11 -> TAPUME COM CHAPA METÁLICA. AF_03/2024
B18: Local do Serviço | C18: Quant. | D18: Área m² | E18: Comp. | F18: Larg. | G18: altura / * | H18: Total
E19: 29.87 | G19: 2.2 | H19: =ROUND(IF(PRODUCT(IF(C19=0,1,C19),IF(D19=0,1,D19),IF(E19=0,1,E19),IF(F19=0,1,F19),IF(G19=0,1,G19))=1,0,PRODUCT(IF(C19=0,1,C19),IF(D19=0,1,D19),IF(E19=0,1,E19),IF(F19=0,1,F19),IF(G19=0,1,G19))),2) -> 65.71
H20: =ROUND(IF(PRODUCT(IF(C20=0,1,C20),IF(E20=0,1,E20),IF(F20=0,1,F20),IF(G20=0,1,G20))=1,0,PRODUCT(IF(C20=0,1,C20),IF(E20=0,1,E20),IF(F20=0,1,F20),IF(G20=0,1,G20))),2) -> 0
F21: Total | G21: = | H21: =SUM(H19:H19) -> 65.71 | I21: m²
A22: ='Orçamento Sintético'!A12 -> 2.1.2 | B22: ='Orçamento Sintético'!D12 -> LOCAÇÃO CONVENCIONAL DE OBRA, UTILIZANDO GABARITO DE TÁBUAS CORRIDAS PONTALETADAS A CADA 2,00M - 2 UTILIZAÇÕES. AF_03/2024
B23: Local do Serviço | C23: Quant. | D23: Área m² | E23: Comp. | F23: Larg. | G23: altura / * | H23: Total
B24: Perímetro do muro | E24: =52+25.8+35.6+29.95 -> 143.35 | H24: =ROUND(IF(PRODUCT(IF(C24=0,1,C24),IF(D24=0,1,D24),IF(E24=0,1,E24),IF(F24=0,1,F24),IF(G24=0,1,G24))=1,0,PRODUCT(IF(C24=0,1,C24),IF(D24=0,1,D24),IF(E24=0,1,E24),IF(F24=0,1,F24),IF(G24=0,1,G24))),2) -> 143.35
H25: =ROUND(IF(PRODUCT(IF(C25=0,1,C25),IF(E25=0,1,E25),IF(F25=0,1,F25),IF(G25=0,1,G25))=1,0,PRODUCT(IF(C25=0,1,C25),IF(E25=0,1,E25),IF(F25=0,1,F25),IF(G25=0,1,G25))),2) -> 0
F26: Total | G26: = | H26: =SUM(H24:H24) -> 143.35 | I26: m
A27: ='Orçamento Sintético'!A13 -> 2.1.3 | B27: ='Orçamento Sintético'!D13 -> FORNECIMENTO E INSTALAÇÃO DE PLACA DE OBRA COM CHAPA GALVANIZADA E ESTRUTURA DE MADEIRA. AF_03/2022_PS
B28: Local do Serviço | C28: Quant. | D28: Área m² | E28: Comp. | F28: Larg. | G28: altura / * | H28: Total
F29: 3 | G29: 2 | H29: =ROUND(IF(PRODUCT(IF(C29=0,1,C29),IF(D29=0,1,D29),IF(E29=0,1,E29),IF(F29=0,1,F29),IF(G29=0,1,G29))=1,0,PRODUCT(IF(C29=0,1,C29),IF(D29=0,1,D29),IF(E29=0,1,E29),IF(F29=0,1,F29),IF(G29=0,1,G29))),2) -> 6
H30: =ROUND(IF(PRODUCT(IF(C30=0,1,C30),IF(E30=0,1,E30),IF(F30=0,1,F30),IF(G30=0,1,G30))=1,0,PRODUCT(IF(C30=0,1,C30),IF(E30=0,1,E30),IF(F30=0,1,F30),IF(G30=0,1,G30))),2) -> 0
F31: Total | G31: = | H31: =SUM(H29:H29) -> 6 | I31: m²
A32: ='Orçamento Sintético'!A14 -> 2.1.4 | B32: ='Orçamento Sintético'!D14 -> BARRACÃO PARA OBRAS DE MÉDIO PORTE REAPROVEITAMENTO 2 VEZES
B33: Local do Serviço | C33: Quant. | D33: Área m² | E33: Comp. | F33: Larg. | G33: altura / * | H33: Total
E34: 5 | F34: 5 | H34: =ROUND(IF(PRODUCT(IF(C34=0,1,C34),IF(D34=0,1,D34),IF(E34=0,1,E34),IF(F34=0,1,F34),IF(G34=0,1,G34))=1,0,PRODUCT(IF(C34=0,1,C34),IF(D34=0,1,D34),IF(E34=0,1,E34),IF(F34=0,1,F34),IF(G34=0,1,G34))),2) -> 25
H35: =ROUND(IF(PRODUCT(IF(C35=0,1,C35),IF(E35=0,1,E35),IF(F35=0,1,F35),IF(G35=0,1,G35))=1,0,PRODUCT(IF(C35=0,1,C35),IF(E35=0,1,E35),IF(F35=0,1,F35),IF(G35=0,1,G35))),2) -> 0
F36: Total | G36: = | H36: =SUM(H34:H34) -> 25 | I36: m²
A37: ='Orçamento Sintético'!A15 -> 2.1.5 | B37: ='Orçamento Sintético'!D15 -> ESTRUTURA DE MADEIRA PROVISÓRIA PARA SUPORTE DE CAIXA D'ÁGUA ELEVADA DE 2000 LITROS. AF_03/2024
B38: Local do Serviço | C38: Quant. | D38: Área m² | E38: Comp. | F38: Larg. | G38: altura / * | H38: Total
C39: 1 | H39: =PRODUCT(C39,D39,E39,F39,G39) -> 1
H40: =ROUND(IF(PRODUCT(IF(C40=0,1,C40),IF(E40=0,1,E40),IF(F40=0,1,F40),IF(G40=0,1,G40))=1,0,PRODUCT(IF(C40=0,1,C40),IF(E40=0,1,E40),IF(F40=0,1,F40),IF(G40=0,1,G40))),2) -> 0
F41: Total | G41: = | H41: =SUM(H39:H39) -> 1 | I41: Ud
A42: ='Orçamento Sintético'!A16 -> 2.1.6 | B42: ='Orçamento Sintético'!D16 -> CAIXA D´ÁGUA EM POLIETILENO, 2000 LITROS - FORNECIMENTO E INSTALAÇÃO. AF_06/2021
B43: Local do Serviço | C43: Quant. | D43: Área m² | E43: Comp. | F43: Larg. | G43: altura / * | H43: Total
C44: 1 | H44: =PRODUCT(C44,D44,E44,F44,G44) -> 1
H45: =ROUND(IF(PRODUCT(IF(C45=0,1,C45),IF(E45=0,1,E45),IF(F45=0,1,F45),IF(G45=0,1,G45))=1,0,PRODUCT(IF(C45=0,1,C45),IF(E45=0,1,E45),IF(F45=0,1,F45),IF(G45=0,1,G45))),2) -> 0
F46: Total | G46: = | H46: =SUM(H44:H44) -> 1 | I46: Ud
A47: ='Orçamento Sintético'!A17 -> 2.1.7 | B47: ='Orçamento Sintético'!D17 -> INSTALAÇÃO PROVISÓRIA DE ENERGIA ELÉTRICA, AEREA, TRIFASICA, EM POSTE GALVANIZADO, EXCLUSIVE FORNECIMENTO DO MEDIDOR
B48: Local do Serviço | C48: Quant. | D48: Área m² | E48: Comp. | F48: Larg. | G48: altura / * | H48: Total
C49: 1 | H49: =PRODUCT(C49,D49,E49,F49,G49) -> 1
H50: =ROUND(IF(PRODUCT(IF(C50=0,1,C50),IF(E50=0,1,E50),IF(F50=0,1,F50),IF(G50=0,1,G50))=1,0,PRODUCT(IF(C50=0,1,C50),IF(E50=0,1,E50),IF(F50=0,1,F50),IF(G50=0,1,G50))),2) -> 0
F51: Total | G51: = | H51: =SUM(H49:H49) -> 1 | I51: Ud
A52: ='Orçamento Sintético'!A18 -> 2.2 | B52: ='Orçamento Sintético'!D18 -> SERVIÇOS PRELIMINARES - MOVIMENTAÇÃO EM TERRA
A53: ='Orçamento Sintético'!A19 -> 2.1.1 | B53: ='Orçamento Sintético'!D19 -> ESCAVAÇÃO HORIZONTAL, INCLUINDO CARGA, DESCARGA E TRANSPORTE EM SOLO DE 1A CATEGORIA COM TRATOR DE ESTEIRAS (150HP/LÂMINA: 3,18M3) E CAMINHÃO BASCULANTE DE 10M3, DMT ATÉ 200M AF_07/2020
B54: Local do Serviço | C54: Quant. | D54: Volume | E54: Comp. | F54: Larg. | G54: altura / * | H54: Total
B55: Corte do terreno | D55: 1378.07 | H55: =ROUND(IF(PRODUCT(IF(C55=0,1,C55),IF(D55=0,1,D55),IF(E55=0,1,E55),IF(F55=0,1,F55),IF(G55=0,1,G55))=1,0,PRODUCT(IF(C55=0,1,C55),IF(D55=0,1,D55),IF(E55=0,1,E55),IF(F55=0,1,F55),IF(G55=0,1,G55))),2) -> 1378.07
H56: =ROUND(IF(PRODUCT(IF(C56=0,1,C56),IF(E56=0,1,E56),IF(F56=0,1,F56),IF(G56=0,1,G56))=1,0,PRODUCT(IF(C56=0,1,C56),IF(E56=0,1,E56),IF(F56=0,1,F56),IF(G56=0,1,G56))),2) -> 0
F57: Total | G57: = | H57: =SUM(H55:H55) -> 1378.07 | I57: m³
A58: ='Orçamento Sintético'!A20 -> 2.1.2 | B58: ='Orçamento Sintético'!D20 -> REGULARIZAÇÃO DE SUPERFÍCIES COM MOTONIVELADORA. AF_09/2024
B59: Local do Serviço | C59: Quant. | D59: Área m² | E59: Comp. | F59: Larg. | G59: altura / * | H59: Total
B60: Área do terreno | D60: 1192.28 | H60: =ROUND(IF(PRODUCT(IF(C60=0,1,C60),IF(D60=0,1,D60),IF(E60=0,1,E60),IF(F60=0,1,F60),IF(G60=0,1,G60))=1,0,PRODUCT(IF(C60=0,1,C60),IF(D60=0,1,D60),IF(E60=0,1,E60),IF(F60=0,1,F60),IF(G60=0,1,G60))),2) -> 1192.28
H61: =ROUND(IF(PRODUCT(IF(C61=0,1,C61),IF(E61=0,1,E61),IF(F61=0,1,F61),IF(G61=0,1,G61))=1,0,PRODUCT(IF(C61=0,1,C61),IF(E61=0,1,E61),IF(F61=0,1,F61),IF(G61=0,1,G61))),2) -> 0
F62: Total | G62: = | H62: =SUM(H60:H60) -> 1192.28 | I62: m²
A63: ='Orçamento Sintético'!A21 -> 3.0 | B63: ='Orçamento Sintético'!D21 -> INFRAESTRUTURA - BANHEIROS
A64: ='Orçamento Sintético'!A22 -> 3.1 | B64: ='Orçamento Sintético'!D22 -> FUNDAÇÕES
A65: ='Orçamento Sintético'!A23 -> 3.1.1 | B65: ='Orçamento Sintético'!D23 -> ESCAVAÇÃO MANUAL DE VALA. AF_09/2024
B66: Local do Serviço | C66: Quant. | D66: Área m² | E66: Comp. | F66: Larg. | G66: altura / * | H66: Total
B67: BANHEIRO
B68: S - 0,75 X 0,75 | C68: 5 | E68: =0.75+0.2+0.2 -> 1.15 | F68: =0.75+0.2+0.2 -> 1.15 | G68: =0.3+0.05+1.2 -> 1.55 | H68: =ROUND(IF(PRODUCT(IF(C68=0,1,C68),IF(D68=0,1,D68),IF(E68=0,1,E68),IF(F68=0,1,F68),IF(G68=0,1,G68))=1,0,PRODUCT(IF(C68=0,1,C68),IF(D68=0,1,D68),IF(E68=0,1,E68),IF(F68=0,1,F68),IF(G68=0,1,G68))),2) -> 10.25
B69: S - 0,80 X 0,80 | C69: 1 | E69: =0.8+0.2+0.2 -> 1.2 | F69: =0.8+0.2+0.2 -> 1.2 | G69: =0.3+0.05+1.2 -> 1.55 | H69: =ROUND(IF(PRODUCT(IF(C69=0,1,C69),IF(D69=0,1,D69),IF(E69=0,1,E69),IF(F69=0,1,F69),IF(G69=0,1,G69))=1,0,PRODUCT(IF(C69=0,1,C69),IF(D69=0,1,D69),IF(E69=0,1,E69),IF(F69=0,1,F69),IF(G69=0,1,G69))),2) -> 2.23
B70: S - 0,85 X 0,85 | C70: 2 | E70: =0.85+0.2+0.2 -> 1.25 | F70: =0.85+0.2+0.2 -> 1.25 | G70: =0.3+0.05+1.2 -> 1.55 | H70: =ROUND(IF(PRODUCT(IF(C70=0,1,C70),IF(D70=0,1,D70),IF(E70=0,1,E70),IF(F70=0,1,F70),IF(G70=0,1,G70))=1,0,PRODUCT(IF(C70=0,1,C70),IF(D70=0,1,D70),IF(E70=0,1,E70),IF(F70=0,1,F70),IF(G70=0,1,G70))),2) -> 4.84
H71: =ROUND(IF(PRODUCT(IF(C71=0,1,C71),IF(E71=0,1,E71),IF(F71=0,1,F71),IF(G71=0,1,G71))=1,0,PRODUCT(IF(C71=0,1,C71),IF(E71=0,1,E71),IF(F71=0,1,F71),IF(G71=0,1,G71))),2) -> 0
F72: Total | G72: = | H72: =SUM(H68:H70) -> 17.32 | I72: m³
A73: ='Orçamento Sintético'!A24 -> 3.1.2 | B73: ='Orçamento Sintético'!D24 -> PREPARO DE FUNDO DE VALA COM LARGURA MENOR QUE 1,5 M (ACERTO DO SOLO NATURAL). AF_08/2020
B74: Local do Serviço | C74: Quant. | D74: Área m² | E74: Comp. | F74: Larg. | G74: altura / * | H74: Total
B75: BANHEIRO
B76: S - 0,75 X 0,75 | C76: 5 | E76: =0.75+0.2+0.2 -> 1.15 | F76: =0.75+0.2+0.2 -> 1.15 | H76: =ROUND(IF(PRODUCT(IF(C76=0,1,C76),IF(D76=0,1,D76),IF(E76=0,1,E76),IF(F76=0,1,F76),IF(G76=0,1,G76))=1,0,PRODUCT(IF(C76=0,1,C76),IF(D76=0,1,D76),IF(E76=0,1,E76),IF(F76=0,1,F76),IF(G76=0,1,G76))),2) -> 6.61
B77: S - 0,80 X 0,80 | C77: 1 | E77: =0.8+0.2+0.2 -> 1.2 | F77: =0.8+0.2+0.2 -> 1.2 | H77: =ROUND(IF(PRODUCT(IF(C77=0,1,C77),IF(D77=0,1,D77),IF(E77=0,1,E77),IF(F77=0,1,F77),IF(G77=0,1,G77))=1,0,PRODUCT(IF(C77=0,1,C77),IF(D77=0,1,D77),IF(E77=0,1,E77),IF(F77=0,1,F77),IF(G77=0,1,G77))),2) -> 1.44
B78: S - 0,85 X 0,85 | C78: 2 | E78: =0.85+0.2+0.2 -> 1.25 | F78: =0.85+0.2+0.2 -> 1.25 | H78: =ROUND(IF(PRODUCT(IF(C78=0,1,C78),IF(D78=0,1,D78),IF(E78=0,1,E78),IF(F78=0,1,F78),IF(G78=0,1,G78))=1,0,PRODUCT(IF(C78=0,1,C78),IF(D78=0,1,D78),IF(E78=0,1,E78),IF(F78=0,1,F78),IF(G78=0,1,G78))),2) -> 3.13
H79: =ROUND(IF(PRODUCT(IF(C79=0,1,C79),IF(E79=0,1,E79),IF(F79=0,1,F79),IF(G79=0,1,G79))=1,0,PRODUCT(IF(C79=0,1,C79),IF(E79=0,1,E79),IF(F79=0,1,F79),IF(G79=0,1,G79))),2) -> 0
F80: Total | G80: = | H80: =SUM(H76:H78) -> 11.18 | I80: m²
A81: ='Orçamento Sintético'!A25 -> 3.1.3 | B81: ='Orçamento Sintético'!D25 -> LASTRO DE CONCRETO MAGRO, APLICADO EM BLOCOS DE COROAMENTO OU SAPATAS, ESPESSURA DE 5 CM. AF_01/2024
B82: Local do Serviço | C82: Quant. | D82: Área m² | E82: Comp. | F82: Larg. | G82: altura / * | H82: Total
D83: =H80 -> 11.18 | H83: =ROUND(IF(PRODUCT(IF(C83=0,1,C83),IF(D83=0,1,D83),IF(E83=0,1,E83),IF(F83=0,1,F83),IF(G83=0,1,G83))=1,0,PRODUCT(IF(C83=0,1,C83),IF(D83=0,1,D83),IF(E83=0,1,E83),IF(F83=0,1,F83),IF(G83=0,1,G83))),2) -> 11.18
H84: =ROUND(IF(PRODUCT(IF(C84=0,1,C84),IF(E84=0,1,E84),IF(F84=0,1,F84),IF(G84=0,1,G84))=1,0,PRODUCT(IF(C84=0,1,C84),IF(E84=0,1,E84),IF(F84=0,1,F84),IF(G84=0,1,G84))),2) -> 0
F85: Total | G85: = | H85: =SUM(H83:H83) -> 11.18 | I85: m²
A86: ='Orçamento Sintético'!A26 -> 3.1.4 | B86: ='Orçamento Sintético'!D26 -> FABRICAÇÃO, MONTAGEM E DESMONTAGEM DE FÔRMA PARA SAPATA, EM MADEIRA SERRADA, E=25 MM, 4UTILIZAÇÕES. AF_01/2024
B87: Local do Serviço | C87: Quant. | D87: Área m² | E87: Comp. | F87: Larg. | G87: altura / * | H87: Total
D88: 7.5 | H88: =ROUND(IF(PRODUCT(IF(C88=0,1,C88),IF(D88=0,1,D88),IF(E88=0,1,E88),IF(F88=0,1,F88),IF(G88=0,1,G88))=1,0,PRODUCT(IF(C88=0,1,C88),IF(D88=0,1,D88),IF(E88=0,1,E88),IF(F88=0,1,F88),IF(G88=0,1,G88))),2) -> 7.5
H89: =ROUND(IF(PRODUCT(IF(C89=0,1,C89),IF(E89=0,1,E89),IF(F89=0,1,F89),IF(G89=0,1,G89))=1,0,PRODUCT(IF(C89=0,1,C89),IF(E89=0,1,E89),IF(F89=0,1,F89),IF(G89=0,1,G89))),2) -> 0
F90: Total | G90: = | H90: =SUM(H88:H88) -> 7.5 | I90: m²
A91: ='Orçamento Sintético'!A27 -> 3.1.5 | B91: ='Orçamento Sintético'!D27 -> ARMAÇÃO DE SAPATA ISOLADA, VIGA BALDRAME E SAPATA CORRIDA UTILIZANDO AÇO CA-50 DE 10 MM - MONTAGEM. AF_01/2024
B92: Local do Serviço | C92: Quant. | D92: Quilo | E92: Comp. | F92: Larg. | G92: altura / * | H92: Total
D93: 96 | H93: =ROUND(IF(PRODUCT(IF(C93=0,1,C93),IF(D93=0,1,D93),IF(E93=0,1,E93),IF(F93=0,1,F93),IF(G93=0,1,G93))=1,0,PRODUCT(IF(C93=0,1,C93),IF(D93=0,1,D93),IF(E93=0,1,E93),IF(F93=0,1,F93),IF(G93=0,1,G93))),2) -> 96
H94: =ROUND(IF(PRODUCT(IF(C94=0,1,C94),IF(E94=0,1,E94),IF(F94=0,1,F94),IF(G94=0,1,G94))=1,0,PRODUCT(IF(C94=0,1,C94),IF(E94=0,1,E94),IF(F94=0,1,F94),IF(G94=0,1,G94))),2) -> 0
F95: Total | G95: = | H95: =SUM(H93:H93) -> 96 | I95: Kg
A96: ='Orçamento Sintético'!A28 -> 3.1.6 | B96: ='Orçamento Sintético'!D28 -> ARMAÇÃO DE SAPATA ISOLADA, VIGA BALDRAME E SAPATA CORRIDA UTILIZANDO AÇO CA-60 DE 5 MM - MONTAGEM. AF_01/2024
B97: Local do Serviço | C97: Quant. | D97: Quilo | E97: Comp. | F97: Larg. | G97: altura / * | H97: Total
D98: 3 | H98: =ROUND(IF(PRODUCT(IF(C98=0,1,C98),IF(D98=0,1,D98),IF(E98=0,1,E98),IF(F98=0,1,F98),IF(G98=0,1,G98))=1,0,PRODUCT(IF(C98=0,1,C98),IF(D98=0,1,D98),IF(E98=0,1,E98),IF(F98=0,1,F98),IF(G98=0,1,G98))),2) -> 3
H99: =ROUND(IF(PRODUCT(IF(C99=0,1,C99),IF(E99=0,1,E99),IF(F99=0,1,F99),IF(G99=0,1,G99))=1,0,PRODUCT(IF(C99=0,1,C99),IF(E99=0,1,E99),IF(F99=0,1,F99),IF(G99=0,1,G99))),2) -> 0
F100: Total | G100: = | H100: =SUM(H98:H98) -> 3 | I100: Kg
A101: ='Orçamento Sintético'!A29 -> 3.1.7 | B101: ='Orçamento Sintético'!D29 -> CONCRETAGEM DE SAPATA, FCK 30 MPA, COM USO DE BOMBA - LANÇAMENTO, ADENSAMENTO E ACABAMENTO. AF_01/2024
B102: Local do Serviço | C102: Quant. | D102: Área m² | E102: Comp. | F102: Larg. | G102: altura / * | H102: Total
B103: BANHEIRO
B104: S - 0,75 X 0,75 | C104: 5 | E104: 0.75 | F104: 0.75 | G104: 0.3 | H104: =ROUND(IF(PRODUCT(IF(C104=0,1,C104),IF(D104=0,1,D104),IF(E104=0,1,E104),IF(F104=0,1,F104),IF(G104=0,1,G104))=1,0,PRODUCT(IF(C104=0,1,C104),IF(D104=0,1,D104),IF(E104=0,1,E104),IF(F104=0,1,F104),IF(G104=0,1,G104))),2) -> 0.84
...

Sheet CFF 
A2: CRONOGRAMA FÍSICO-FINANCEIRO
A5: OBRA: | B5: =MC!B6 -> CONSTRUÇÃO DE UMA QUADRA POLIESPORTIVA NO MUNICIPIO DE CAETÉS - PE
A6: =[1]BASE!A7 -> LOCAL: | B6: =MC!B7 -> CAETÉS - PE
A8: ITEM | B8: SERVIÇOS | D8: 1° MÊS | E8: 2° MÊS | F8: 3° MÊS | G8: 4° MÊS | H8: 5° MÊS | I8: 6° MÊS | J8: 7° MÊS | K8: 8° MÊS | L8: TOTAL
A9: ='Orçamento Sintético'!A7 -> 1.0 | B9: ='Orçamento Sintético'!D7 -> ADMINISTRAÇÃO LOCAL | C9: R$ | D9: =D10*$L9 -> 3782.265 | E9: =E10*$L9 -> 3782.265 | F9: =F10*$L9 -> 3782.265 | G9: =G10*$L9 -> 3782.265 | H9: =H10*$L9 -> 3782.265 | I9: =I10*$L9 -> 3782.265 | J9: =J10*$L9 -> 3782.265 | K9: =K10*$L9 -> 3782.265 | L9: ='Orçamento Sintético'!I7 -> 30258.12
C10: % | D10: =1/8 -> 0.125 | E10: =1/8 -> 0.125 | F10: =1/8 -> 0.125 | G10: =1/8 -> 0.125 | H10: =1/8 -> 0.125 | I10: =1/8 -> 0.125 | J10: =1/8 -> 0.125 | K10: =1/8 -> 0.125 | L10: =SUM(D10:K10) -> 1
A11: ='Orçamento Sintético'!A9 -> 2.0 | B11: ='Orçamento Sintético'!D9 -> INSTALAÇÕES PROVISÓRIAS / SERVIÇOS PRELIMINARES | C11: R$ | D11: =D12*$L11 -> 71415.52 | E11: =E12*$L11 -> 0 | F11: =F12*$L11 -> 0 | G11: =G12*$L11 -> 0 | H11: =H12*$L11 -> 0 | I11: =I12*$L11 -> 0 | J11: =J12*$L11 -> 0 | K11: =K12*$L11 -> 0 | L11: ='Orçamento Sintético'!I9 -> 71415.52
C12: % | D12: 1 | L12: =SUM(D12:K12) -> 1
A13: ='Orçamento Sintético'!A21 -> 3.0 | B13: ='Orçamento Sintético'!D21 -> INFRAESTRUTURA - BANHEIROS | C13: R$ | D13: =D14*$L13 -> 0 | E13: =E14*$L13 -> 13572.08 | F13: =F14*$L13 -> 0 | G13: =G14*$L13 -> 0 | H13: =H14*$L13 -> 0 | I13: =I14*$L13 -> 0 | J13: =J14*$L13 -> 0 | K13: =K14*$L13 -> 0 | L13: ='Orçamento Sintético'!I21 -> 13572.08
C14: % | E14: 1 | L14: =SUM(D14:K14) -> 1
A15: ='Orçamento Sintético'!A41 -> 4.0 | B15: ='Orçamento Sintético'!D41 -> SUPERESTRUTURA - BANHEIROS | C15: R$ | D15: =D16*$L15 -> 0 | E15: =E16*$L15 -> 31369.95 | F15: =F16*$L15 -> 0 | G15: =G16*$L15 -> 0 | H15: =H16*$L15 -> 0 | I15: =I16*$L15 -> 0 | J15: =J16*$L15 -> 0 | K15: =K16*$L15 -> 0 | L15: ='Orçamento Sintético'!I41 -> 31369.95
C16: % | E16: 1 | L16: =SUM(D16:K16) -> 1
A17: ='Orçamento Sintético'!A59 -> 5.0 | B17: ='Orçamento Sintético'!D59 -> CHAPISCO / REBOCO - BANHEIROS | C17: R$ | D17: =D18*$L17 -> 0 | E17: =E18*$L17 -> 0 | F17: =F18*$L17 -> 14884.9 | G17: =G18*$L17 -> 0 | H17: =H18*$L17 -> 0 | I17: =I18*$L17 -> 0 | J17: =J18*$L17 -> 0 | K17: =K18*$L17 -> 0 | L17: ='Orçamento Sintético'!I59 -> 14884.9
C18: % | F18: 1 | L18: =SUM(D18:K18) -> 1
A19: ='Orçamento Sintético'!A66 -> 6.0 | B19: ='Orçamento Sintético'!D66 -> PAVIMENTAÇÃO | C19: R$ | D19: =D20*$L19 -> 0 | E19: =E20*$L19 -> 0 | F19: =F20*$L19 -> 20422.888 | G19: =G20*$L19 -> 61268.664 | H19: =H20*$L19 -> 61268.664 | I19: =I20*$L19 -> 61268.664 | J19: =J20*$L19 -> 0 | K19: =K20*$L19 -> 0 | L19: ='Orçamento Sintético'!I66 -> 204228.88
C20: % | F20: 0.1 | G20: 0.3 | H20: 0.3 | I20: 0.3 | L20: =SUM(D20:K20) -> 1
A21: ='Orçamento Sintético'!A81 -> 7.0 | B21: ='Orçamento Sintético'!D81 -> COBERTA - BANHEIRO | C21: R$ | D21: =D22*$L21 -> 0 | E21: =E22*$L21 -> 0 | F21: =F22*$L21 -> 4278.27 | G21: =G22*$L21 -> 0 | H21: =H22*$L21 -> 0 | I21: =I22*$L21 -> 0 | J21: =J22*$L21 -> 0 | K21: =K22*$L21 -> 0 | L21: ='Orçamento Sintético'!I81 -> 4278.27
C22: % | F22: 1 | L22: =SUM(D22:K22) -> 1
A23: ='Orçamento Sintético'!A86 -> 8.0 | B23: ='Orçamento Sintético'!D86 -> ESTRUTURA METÁLICA / COBERTA - QUADRA | C23: R$ | D23: =D24*$L23 -> 0 | E23: =E24*$L23 -> 0 | F23: =F24*$L23 -> 143373.32 | G23: =G24*$L23 -> 143373.32 | H23: =H24*$L23 -> 143373.32 | I23: =I24*$L23 -> 143373.32 | J23: =J24*$L23 -> 143373.32 | K23: =K24*$L23 -> 0 | L23: ='Orçamento Sintético'!I86 -> 716866.6
C24: % | F24: 0.2 | G24: 0.2 | H24: 0.2 | I24: 0.2 | J24: 0.2 | L24: =SUM(D24:K24) -> 1
A25: ='Orçamento Sintético'!A107 -> 9.0 | B25: ='Orçamento Sintético'!D107 -> ESQUADRIAS - BANHEIROS | C25: R$ | D25: =D26*$L25 -> 0 | E25: =E26*$L25 -> 0 | F25: =F26*$L25 -> 12128.1 | G25: =G26*$L25 -> 0 | H25: =H26*$L25 -> 0 | I25: =I26*$L25 -> 0 | J25: =J26*$L25 -> 0 | K25: =K26*$L25 -> 0 | L25: ='Orçamento Sintético'!I107 -> 12128.1
C26: % | F26: 1 | L26: =SUM(D26:K26) -> 1
A27: ='Orçamento Sintético'!A115 -> 10.0 | B27: ='Orçamento Sintético'!D115 -> FORROS - BANHEIROS | C27: R$ | D27: =D28*$L27 -> 0 | E27: =E28*$L27 -> 0 | F27: =F28*$L27 -> 0 | G27: =G28*$L27 -> 1602.47 | H27: =H28*$L27 -> 0 | I27: =I28*$L27 -> 0 | J27: =J28*$L27 -> 0 | K27: =K28*$L27 -> 0 | L27: ='Orçamento Sintético'!I115 -> 1602.47
C28: % | G28: 1 | L28: =SUM(D28:K28) -> 1
A29: ='Orçamento Sintético'!A117 -> 11.0 | B29: ='Orçamento Sintético'!D117 -> ACABAMENTOS DE PISO E PAREDES - BANHEIROS | C29: R$ | D29: =D30*$L29 -> 0 | E29: =E30*$L29 -> 0 | F29: =F30*$L29 -> 0 | G29: =G30*$L29 -> 0 | H29: =H30*$L29 -> 0 | I29: =I30*$L29 -> 0 | J29: =J30*$L29 -> 15566.66 | K29: =K30*$L29 -> 0 | L29: ='Orçamento Sintético'!I117 -> 15566.66
C30: % | J30: 1 | L30: =SUM(D30:K30) -> 1
A31: ='Orçamento Sintético'!A125 -> 12.0 | B31: ='Orçamento Sintético'!D125 -> PINTURA - PISO DA QUADRA / BANHEIROS | C31: R$ | D31: =D32*$L31 -> 0 | E31: =E32*$L31 -> 0 | F31: =F32*$L31 -> 0 | G31: =G32*$L31 -> 0 | H31: =H32*$L31 -> 0 | I31: =I32*$L31 -> 0 | J31: =J32*$L31 -> 30962.215 | K31: =K32*$L31 -> 30962.215 | L31: ='Orçamento Sintético'!I125 -> 61924.43
C32: % | J32: 0.5 | K32: 0.5 | L32: =SUM(D32:K32) -> 1
A33: ='Orçamento Sintético'!A136 -> 13.0 | B33: ='Orçamento Sintético'!D136 -> INSTALAÇÕES HIDROSSANITÁRIAS | C33: R$ | D33: =D34*$L33 -> 0 | E33: =E34*$L33 -> 43721.275 | F33: =F34*$L33 -> 0 | G33: =G34*$L33 -> 0 | H33: =H34*$L33 -> 0 | I33: =I34*$L33 -> 0 | J33: =J34*$L33 -> 0 | K33: =K34*$L33 -> 43721.275 | L33: ='Orçamento Sintético'!I136 -> 87442.55
C34: % | E34: 0.5 | K34: 0.5 | L34: =SUM(D34:K34) -> 1
A35: ='Orçamento Sintético'!A196 -> 14.0 | B35: ='Orçamento Sintético'!D196 -> INSTALAÇÕES ELETRICAS | C35: R$ | D35: =D36*$L35 -> 0 | E35: =E36*$L35 -> 33345.76 | F35: =F36*$L35 -> 0 | G35: =G36*$L35 -> 0 | H35: =H36*$L35 -> 0 | I35: =I36*$L35 -> 0 | J35: =J36*$L35 -> 0 | K35: =K36*$L35 -> 14291.04 | L35: ='Orçamento Sintético'!I196 -> 47636.8
C36: % | E36: 0.7 | K36: 0.3 | L36: =SUM(D36:K36) -> 1
A37: ='Orçamento Sintético'!A240 -> 15.0 | B37: ='Orçamento Sintético'!D240 -> ARQUIBANCADA | C37: R$ | D37: =D38*$L37 -> 0 | E37: =E38*$L37 -> 107206.38 | F37: =F38*$L37 -> 0 | G37: =G38*$L37 -> 0 | H37: =H38*$L37 -> 0 | I37: =I38*$L37 -> 0 | J37: =J38*$L37 -> 0 | K37: =K38*$L37 -> 45945.591 | L37: ='Orçamento Sintético'!I240 -> 153151.97
C38: % | E38: 0.7 | K38: 0.3 | L38: =SUM(D38:K38) -> 1
A39: ='Orçamento Sintético'!A281 -> 16.0 | B39: ='Orçamento Sintético'!D281 -> MURO DE ARRIMO / MURO EXTERNO / MURETA DO GRADIL | C39: R$ | D39: =D40*$L39 -> 174970.9 | E39: =E40*$L39 -> 0 | F39: =F40*$L39 -> 0 | G39: =G40*$L39 -> 0 | H39: =H40*$L39 -> 0 | I39: =I40*$L39 -> 0 | J39: =J40*$L39 -> 0 | K39: =K40*$L39 -> 74987.529 | L39: ='Orçamento Sintético'!I281 -> 249958.43
C40: % | D40: 0.7 | K40: 0.3 | L40: =SUM(D40:K40) -> 1
A41: ='Orçamento Sintético'!A321 -> 17.0 | B41: ='Orçamento Sintético'!D321 -> FACHADA / PORTICO | C41: R$ | D41: =D42*$L41 -> 0 | E41: =E42*$L41 -> 0 | F41: =F42*$L41 -> 30214.976 | G41: =G42*$L41 -> 0 | H41: =H42*$L41 -> 0 | I41: =I42*$L41 -> 0 | J41: =J42*$L41 -> 22661.232 | K41: =K42*$L41 -> 22661.232 | L41: ='Orçamento Sintético'!I321 -> 75537.44
C42: % | F42: 0.4 | J42: 0.3 | K42: 0.3 | L42: =SUM(D42:K42) -> 1
A43: ='Orçamento Sintético'!A374 -> 18.0 | B43: ='Orçamento Sintético'!D374 -> PAISAGISMO | C43: R$ | D43: =D44*$L43 -> 0 | E43: =E44*$L43 -> 0 | F43: =F44*$L43 -> 0 | G43: =G44*$L43 -> 0 | H43: =H44*$L43 -> 0 | I43: =I44*$L43 -> 0 | J43: =J44*$L43 -> 5857.24 | K43: =K44*$L43 -> 0 | L43: ='Orçamento Sintético'!I374 -> 5857.24
C44: % | J44: 1 | L44: =SUM(D44:K44) -> 1
A45: ='Orçamento Sintético'!A379 -> 19.0 | B45: ='Orçamento Sintético'!D379 -> DIVERSOS | C45: R$ | D45: =D46*$L45 -> 0 | E45: =E46*$L45 -> 0 | F45: =F46*$L45 -> 0 | G45: =G46*$L45 -> 0 | H45: =H46*$L45 -> 0 | I45: =I46*$L45 -> 0 | J45: =J46*$L45 -> 0 | K45: =K46*$L45 -> 16533.48 | L45: ='Orçamento Sintético'!I379 -> 16533.48
C46: % | K46: 1 | L46: =SUM(D46:K46) -> 1
B47: TOTAL | C47: R$ | D47: =SUM(D9,D11,D13,D15,D17,D19,D21,D23,D25,D27,D29,D31,D33,,D35,D37,D45,D43,D39,D41) -> 250168.69 | E47: =SUM(E9,E11,E13,E15,E17,E19,E21,E23,E25,E27,E29,E31,E33,,E35,E37,E45,E43,E39,E41) -> 232997.71 | F47: =SUM(F9,F11,F13,F15,F17,F19,F21,F23,F25,F27,F29,F31,F33,,F35,F37,F45,F43,F39,F41) -> 229084.72 | G47: =SUM(G9,G11,G13,G15,G17,G19,G21,G23,G25,G27,G29,G31,G33,,G35,G37,G45,G43,G39,G41) -> 210026.72 | H47: =SUM(H9,H11,H13,H15,H17,H19,H21,H23,H25,H27,H29,H31,H33,,H35,H37,H45,H43,H39,H41) -> 208424.25 | I47: =SUM(I9,I11,I13,I15,I17,I19,I21,I23,I25,I27,I29,I31,I33,,I35,I37,I45,I43,I39,I41) -> 208424.25 | J47: =SUM(J9,J11,J13,J15,J17,J19,J21,J23,J25,J27,J29,J31,J33,,J35,J37,J45,J43,J39,J41) -> 222202.93 | K47: =SUM(K9,K11,K13,K15,K17,K19,K21,K23,K25,K27,K29,K31,K33,,K35,K37,K45,K43,K39,K41) -> 252884.63 | L47: =SUM(D47:K47) -> 1814213.9
C48: % | D48: =D47/L47*100 -> 13.789371 | E48: =E47/L47*100 -> 12.842902 | F48: =F47/L47*100 -> 12.627217 | G48: =G47/L47*100 -> 11.576734 | H48: =H47/L47*100 -> 11.488406 | I48: =I47/L47*100 -> 11.488406 | J48: =J47/L47*100 -> 12.247891 | K48: =K47/L47*100 -> 13.939075 | L48: =SUM(D48:K48) -> 100

Sheet BDI 01
A1: PREFEITURA MUNICIPAL DE CAETÉS
A2: COMPOSIÇÃO DE BDI (BONIFICAÇÃO E DESPESAS INDIRETAS)
A5: =[2]Base!A4 -> OBRA: | B5: CONSTRUÇÃO DE UMA QUADRA POLIESPORTIVA NO SITIO BASTIÕES, MUNICIPIO DE CAETÉS - PE
A6: =[2]Base!A5 -> LOCAL: | B6: CAETÉS - PE
A8: ITEM | B8: DISCRIMINAÇÃO | D8: %
A9: 1 | B9: ADMINISTRAÇÃO CENTRAL (AC) | D9: 3
A10: 2 | B10: SEGURO E GARANTIA (SG) | D10: 0.8
A11: 3 | B11: RISCO (R) | D11: 0.97
A12: 4 | B12: DESPESAS FINANCEIRA (DF) | D12: 0.59
A13: 5 | B13: LUCRO (L) | D13: 6.16
A14: 6 | B14: TRIBUTOS (T) | D14: =SUM(C15:C18) -> 6.15
B15: PIS | C15: 0.65
B16: COFINS | C16: 3
B17: ISS | C17: 2.5
B18: CPRB
A19: TOTAL | D19: =((((1+(D9/100+D11/100+D10/100))*(1+D12/100)*(1+D13/100))/(1-D14/100))-1)*100 -> 19.211564
A21: BDI = [[{(1+(AC/100 +R/100+SG/100+))*(1+DF/100)*(1+L/100)}/(1-T/100)]-1]*100

Sheet BDI 02
A1: PREFEITURA MUNICIPAL DE CAETÉS
A2: COMPOSIÇÃO DE BDI (BONIFICAÇÃO E DESPESAS INDIRETAS)
A5: =[2]Base!A4 -> OBRA: | B5: CONSTRUÇÃO DE UMA QUADRA POLIESPORTIVA NO SITIO BASTIÕES, MUNICIPIO DE CAETÉS - PE
A6: =[2]Base!A5 -> LOCAL: | B6: ='BDI 01'!B6 -> CAETÉS - PE
A8: ITEM | B8: DISCRIMINAÇÃO | D8: %
A9: 1 | B9: ADMINISTRAÇÃO CENTRAL (AC) | D9: 1.5
A10: 2 | B10: SEGURO E GARANTIA (SG) | D10: 0.3
A11: 3 | B11: RISCO (R) | D11: 0.56
A12: 4 | B12: DESPESAS FINANCEIRA (DF) | D12: 0.85
A13: 5 | B13: LUCRO (L) | D13: 3.5
A14: 6 | B14: TRIBUTOS (T) | D14: =SUM(C15:C18) -> 3.65
B15: PIS | C15: 0.65
B16: COFINS | C16: 3
B17: ISS
B18: CPRB
A19: TOTAL | D19: =((((1+(D9/100+D11/100+D10/100))*(1+D12/100)*(1+D13/100))/(1-D14/100))-1)*100 -> 10.89062
A21: BDI = [[{(1+(AC/100 +R/100+SG/100+))*(1+DF/100)*(1+L/100)}/(1-T/100)]-1]*100

Sheet COMPOSIÇÕES
A1: COMPOSIÇÕES | I1: ONERADO | J1: DESONERADO
A3: Cód. | C3: COMP - 01 | H3: M
A4: Descrição: | C4: ALAMBRADO (HT=5,10M) COM TELA GALVANIZADA MALHA 2" X 2" (H=1,50M), TELA EM NYLON 10 X 10 CM (H=3,00M), MONTANTES EM TUBOS GALVANIZADOS VERTICAIS DE 2" ACADA 2M, TUBOS GALVANIZADOS HORIZONTAIS DE 1", MURETA (H=0,50M) EM ALVENARIADE BLOCOS DE CONCRETO *9X19X39CM* C/ JUNTA SERRADA/APARENTE (C/ BASE EMALVENARIA DE PEDRA ARGAMASSADA E LASTRO EM CONCRETO CICLÓPICO), C/PINTURA SOBRE ALVENARIA APARENTE (SELADOR ACRÍLICO + TINTA TEXTURIZADAACRÍLICA) [CONFORME COMPOSIÇÃO 04299/ORSE - ADAPTADA]
A5: Codigo | B5: Referencia | C5: Desc. do Insumo | D5: Unid | E5: Quant. | F5: P. Unit (R$) | G5: Mês / Dias | H5: P. Total (R$)
C6: MÃO DE OBRA
A7: 88277 | B7: SINAPI | C7: MONTADOR (TUBO AÇO/EQUIPAMENTOS) COM ENCARGOS COMPLEMENTARES | D7: H | E7: 0.5 | F7: =I7 -> 25.28 | H7: =E7*F7 -> 12.64 | I7: 25.28 | J7: 23.21
A8: 88316 | B8: SINAPI | C8: SERVENTE COM ENCARGOS COMPLEMENTARES | D8: H | E8: 0.5 | F8: =I8 -> 24.08 | H8: =E8*F8 -> 12.04 | I8: 24.08 | J8: 22.26
A9: 88317 | B9: SINAPI | C9: SOLDADOR COM ENCARGOS COMPLEMENTARES | D9: H | E9: 0.5 | F9: =I9 -> 30.57 | H9: =E9*F9 -> 15.285 | I9: 30.57 | J9: 28.17
D10: Sub total MO ( com os Encargos Sociais ): | H10: =SUM(H7:H9) -> 39.965
C11: SERVIÇOS
A12: 00091 | B12: ORSE | C12: ALVENARIA PEDRA CALCÁREA ARGAMASSADA C/ CIMENTO E AREIA TRAÇO T-4 (1:5) - 1 SACO CIMENTO 50KG / 5PADIOLAS AREIA DIM. 0,35Z0,45X0,23M - CONFECÇÃO MECÂNICA E CONCRETO CICLÓPICO FCK = 15MPA, 30% PEDRA DE MÃO EM VOLUME REAL, INCLUSIVE LANÇAMENTO. AF_05/2021 | D12: M3 | E12: 0.09 | F12: =I12 -> 527.07 | H12: =E12*F12 -> 47.4363 | I12: 527.07 | J12: 527.07
A13: 102487 | B13: SINAPI | C13: CONCRETO CICLÓPICO FCK = 15MPA, 30% PEDRA DE MÃO EM VOLUME REAL, INCLUSIVE LANÇAMENTO. AF_05/2021 | D13: M3 | E13: 0.036 | F13: =I13 -> 608.49 | H13: =E13*F13 -> 21.90564 | I13: 608.49 | J13: 587.15
A14: 103316 | B14: SINAPI | C14: ALVENARIA DE VEDAÇÃO DE BLOCOS VAZADOS DE CONCRETO DE 9X19X39 CM (ESPESSURA 9 CM) E ARGAMASSA DE ASSENTAMENTO COM PREPARO EM BETONEIRA. AF_12/2021 | D14: M2 | E14: 0.45 | F14: =I14 -> 78.24 | H14: =E14*F14 -> 35.208 | I14: 78.24 | J14: 75.73
A15: 88415 | B15: SINAPI | C15: APLICAÇÃO MANUAL DE FUNDO SELADOR ACRÍLICO EM PAREDES EXTERNAS DE CASAS. AF_06/2014 | D15: M2 | E15: 1.05 | F15: =I15 -> 5.11 | H15: =E15*F15 -> 5.3655 | I15: 5.11 | J15: 4.95
A16: 88423 | B16: SINAPI | C16: APLICAÇÃO MANUAL DE PINTURA COM TINTA TEXTURIZADA ACRÍLICA EM PAREDES EXTERNAS DE CASAS, UMA COR. AF_06/2014 | D16: M2 | E16: 1.05 | F16: =I16 -> 25.39 | H16: =E16*F16 -> 26.6595 | I16: 25.39 | J16: 24.98
A17: 93358 | B17: SINAPI | C17: ESCAVAÇÃO MANUAL DE VALA. AF_09/2024 | D17: M3 | E17: 0.11 | F17: =I17 -> 95.25 | H17: =E17*F17 -> 10.4775 | I17: 95.25 | J17: 88.05
E18: Sub total MATERIAIS: | H18: =SUM(H12:H17) -> 147.05244
C19: INSUMOS
A20: 7158 | B20: SINAPI | C20: TELA DE ARAME GALVANIZADA QUADRANGULAR / LOSANGULAR, FIO 2,77 MM (12 BWG), MALHA 5 X 5 CM, H = 2 M | D20: M2 | E20: 1.5 | F20: =I20 -> 50 | H20: =E20*F20 -> 75 | I20: 50 | J20: 50
A21: 10997 | B21: SINAPI | C21: ELETRODO REVESTIDO AWS - E7018, DIAMETRO IGUAL A 4,00 MM | D21: KG | E21: 0.15 | F21: =I21 -> 30 | H21: =E21*F21 -> 4.5 | I21: 30 | J21: 30
A22: 43132 | B22: SINAPI | C22: ARAME RECOZIDO 16 BWG, D = 1,65 MM (0,016 KG/M) OU 18 BWG, D = 1,25 MM (0,01 KG/M) | D22: KG | E22: 0.2 | F22: =I22 -> 18 | H22: =E22*F22 -> 3.6 | I22: 18 | J22: 18
A23: 21010 | B23: SINAPI | C23: TUBO ACO GALVANIZADO COM COSTURA, CLASSE LEVE, DN 25 MM ( 1"), E = 2,65 MM, *2,11* KG/M (NBR 5580) | D23: M | E23: 3 | F23: =I23 -> 28.49 | H23: =E23*F23 -> 85.47 | I23: 28.49 | J23: 28.49
A24: 21013 | B24: SINAPI | C24: TUBO ACO GALVANIZADO COM COSTURA, CLASSE LEVE, DN 50 MM ( 2"), E = 3,00 MM, *4,40* KG/M (NBR 5580) | D24: M | E24: 2.95 | F24: =I24 -> 59.88 | H24: =E24*F24 -> 176.646 | I24: 59.88 | J24: 59.88
A25: 2758 | B25: ORSE | C25: TELA DE NYLON, FIO 30-36 (3,6MM), MALHA 10X10CM | D25: M2 | E25: 3 | F25: =I25 -> 14.98 | H25: =E25*F25 -> 44.94 | I25: 14.98 | J25: 14.98
E26: Sub total SERVIÇOS: | H26: =SUM(H20:H25) -> 390.156
F27: Total ( MO + MAT + SER): | H27: =H10+H18+H26 -> 577.17344
F28: PREÇO UNITÁRIO TOTAL: | H28: =SUM(H27:H27) -> 577.17344
A32: Cód. | C32: COMP - 02 | H32: M2
A33: Descrição: | C33: ALVENARIA DE VEDAÇÃO DE BLOCOS CERÂMICOS FURADOS NA HORIZONTAL DE 9X19X19 CM (ESPESSURA 19 CM) E ARGAMASSA DE ASSENTAMENTO COM PREPARO EM BETONEIRA (ALVENARIA DE UMA VEZ) AF_12/2021, COMPOSIÇÃO 103328 - SINAPI, ADAPTADA.
A34: Codigo | B34: Referencia | C34: Desc. do Insumo | D34: Unid | E34: Quant. | F34: P. Unit (R$) | G34: Mês / Dias | H34: P. Total (R$)
C35: MÃO DE OBRA
A36: 88309 | B36: SINAPI | C36: PEDREIRO COM ENCARGOS COMPLEMENTARES | D36: H | E36: 3.22 | F36: =I36 -> 29.85 | H36: =E36*F36 -> 96.117 | I36: 29.85 | J36: 27.42
A37: 88316 | B37: SINAPI | C37: SERVENTE COM ENCARGOS COMPLEMENTARES | D37: H | E37: 1.61 | F37: =I37 -> 24.08 | H37: =E37*F37 -> 38.7688 | I37: 24.08 | J37: 22.26
D38: Sub total MO ( com os Encargos Sociais ): | H38: =SUM(H36:H37) -> 134.8858
C39: SERVIÇOS
A40: 87292 | B40: SINAPI | C40: ARGAMASSA TRAÇO 1:2:8 (EM VOLUME DE CIMENTO, CAL E AREIA MÉDIA ÚMIDA) PARA EMBOÇO/MASSA ÚNICA/ASSENTAMENTO DE ALVENARIA DE VEDAÇÃO, PREPARO MECÂNICO | D40: M3 | E40: 0.0182 | F40: =I40 -> 701.6 | H40: =E40*F40 -> 12.76912 | I40: 701.6 | J40: 693.59
E41: Sub total MATERIAIS: | H41: =H40 -> 12.76912
C42: INSUMOS
A43: 7271 | B43: SINAPI | C43: BLOCO CERAMICO / TIJOLO VAZADO PARA ALVENARIA DE VEDACAO, 8 FUROS NA HORIZONTAL, DE 9 X 19 X 19 CM (L XA X C) | D43: UN | E43: 56.62 | F43: =I43 -> 0.65 | H43: =E43*F43 -> 36.803 | I43: 0.65 | J43: 0.65
E44: Sub total SERVIÇOS: | H44: =SUM(H43:H43) -> 36.803
F45: Total ( MO + MAT + SER): | H45: =H38+H41+H44 -> 184.45792
F46: PREÇO UNITÁRIO: | H46: =SUM(H45:H45) -> 184.45792
A50: Cód. | C50: COMP- 03 | H50: KG
A51: Descrição: | C51: ESTRUTURA TRELIÇADA DE COBERTURA, TIPO FINK, COM LIGAÇÕES SOLDADAS, INCLUSOS PERFIL METÁLICO U EM CHAPA DE AÇO LAMINADO, E=3,75 MM, H=200 MM, L=75 MM, CHAPAS METÁLICAS, MÃO DE OBRA - FORNECIMENTO E INSTALAÇÃO. (COMPOSIÇÃO da SINAPI 100775 ADAPTADA)
A52: Codigo | B52: Referencia | C52: Desc. do Insumo | D52: Unid | E52: Quant. | F52: P. Unit (R$) | G52: Mês / Dias | H52: P. Total (R$)
C53: MÃO DE OBRA
A54: 88240 | B54: SINAPI | C54: AJUDANTE DE ESTRUTURA METÁLICA COM ENCARGOS COMPLEMENTARES | D54: H | E54: 0.0008362 | F54: =I54 -> 23.85 | H54: =E54*F54 -> 0.01994337 | I54: 23.85 | J54: 21.94
A55: 88278 | B55: SINAPI | C55: MONTADOR DE ESTRUTURA METÁLICA COM ENCARGOS COMPLEMENTARES | D55: H | E55: 0.0023666 | F55: =I55 -> 22.41 | H55: =E55*F55 -> 0.053035506 | I55: 22.41 | J55: 20.65
A56: 88317 | B56: SINAPI | C56: SOLDADOR COM ENCARGOS COMPLEMENTARES | D56: H | E56: 0.0049857 | F56: =I56 -> 30.57 | H56: =E56*F56 -> 0.15241285 | I56: 30.57 | J56: 28.17
D57: Sub total MO ( com os Encargos Sociais ): | H57: =SUM(H54:H56) -> 0.22539172
C58: SERVIÇOS
A59: 100716 | B59: SINAPI | C59: JATEAMENTO ABRASIVO COM GRANALHA DE AÇO EM PERFIL METÁLICO EM FÁBRICA.AF_01/2020 | D59: M2 | E59: 0.0788875 | F59: =I59 -> 24.39 | H59: =E59*F59 -> 1.9240661 | I59: 24.39 | J59: 24.09
A60: 100719 | B60: SINAPI | C60: PINTURA COM TINTA ALQUÍDICA DE FUNDO (TIPO ZARCÃO) PULVERIZADA SOBRE PERFIL METÁLICO EXECUTADO EM FÁBRICA (POR DEMÃO). AF_01/2020_PE | D60: M2 | E60: 0.0788875 | F60: =I60 -> 13.9 | H60: =E60*F60 -> 1.0965362 | I60: 13.9 | J60: 13.74
A61: 93288 | B61: SINAPI | C61: GUINDASTE HIDRÁULICO AUTOPROPELIDO, COM LANÇA TELESCÓPICA 40 M, CAPACIDADE MÁXIMA 60 T, POTÊNCIA 260 KW - CHI DIURNO. AF_03/2016 | D61: CHI | E61: 0.0005207 | F61: =I61 -> 181.8 | H61: =E61*F61 -> 0.09466326 | I61: 181.8 | J61: 178.94
A62: 93287 | B62: SINAPI | C62: GUINDASTE HIDRÁULICO AUTOPROPELIDO, COM LANÇA TELESCÓPICA 40 M, CAPACIDADE MÁXIMA 60 T, POTÊNCIA 260 KW - CHI DIURNO. AF_03/2016 | D62: CHP | E62: 0.0006627 | F62: =I62 -> 354.97 | H62: =E62*F62 -> 0.23523862 | I62: 354.97 | J62: 352.11
E63: Sub total MATERIAIS: | H63: =SUM(H59:H62) -> 3.3505043
C64: INSUMOS
A65: 43083 | B65: SINAPI | C65: PERFIL "U" ENRIJECIDO, EM CHAPA DOBRADA DE ACO LAMINADO, E = 3,75 MM, H = 200 MM, L= 75 MM (9,94 KG/M) | D65: KG | E65: 0.5660258 | F65: =I65 -> 8.66 | H65: =E65*F65 -> 4.9017834 | I65: 8.66 | J65: 8.66
A66: 4777 | B66: SINAPI | C66: CANTONEIRA ACO ABAS IGUAIS (QUALQUER BITOLA), ESPESSURA ENTRE 1/8" E 1/4" | D66: KG | E66: 0.5167325 | F66: =I66 -> 8.02 | H66: =E66*F66 -> 4.1441947 | I66: 8.02 | J66: 8.02
A67: 1333 | B67: SINAPI | C67: CHAPA DE ACO GROSSA, ASTM A36, E = 1/2" (12,70 MM) 99,59 KG/M2 | D67: KG | E67: 0.006424 | F67: =I67 -> 7.96 | H67: =E67*F67 -> 0.05113504 | I67: 7.96 | J67: 7.96
A68: 1332 | B68: SINAPI | C68: CHAPA DE ACO GROSSA, ASTM A36, E = 3/8" (9,53 MM) 74,69 KG/M2 | D68: KG | E68: 0.0018177 | F68: =I68 -> 8.09 | H68: =E68*F68 -> 0.014705193 | I68: 8.09 | J68: 8.09
E69: Sub total SERVIÇOS: | H69: =SUM(H65:H68) -> 9.1118183
F70: Total ( MO + MAT + SER): | H70: =H57+H63+H69 -> 12.687714
F71: PREÇO UNITÁRIO: | H71: =SUM(H70:H70) -> 12.687714
A75: Cód. | C75: COMP- 04 | H75: UD
A76: Descrição: | C76: LUMINÁRIA PLAFON 25W LED QUADRADO DE EMBUTIR - BRANCO FRIO
A77: Codigo | B77: Referencia | C77: Desc. do Insumo | D77: Unid | E77: Quant. | F77: P. Unit (R$) | G77: Mês / Dias | H77: P. Total (R$)
C78: MÃO DE OBRA
A79: 88316 | B79: SINAPI | C79: SERVENTE COM ENCARGOS COMPLEMENTARES | D79: H | E79: 1 | F79: =I79 -> 24.08 | H79: =E79*F79 -> 24.08 | I79: 24.08 | J79: 22.26
A80: 88264 | B80: SINAPI | C80: ELETRICISTA COM ENCARGOS COMPLEMENTARES | D80: H | E80: 1 | F80: =I80 -> 30.24 | H80: =E80*F80 -> 30.24 | I80: 30.24 | J80: 27.77
D81: Sub total MO ( com os Encargos Sociais ): | H81: =SUM(H79:H80) -> 54.32
C82: SERVIÇOS
E83: Sub total MATERIAIS:
C84: INSUMOS
A85: 01 | B85: COTAÇÃO | C85: LUMINÁRIA PLAFON 25W LED QUADRADO EMBUTIR BRANCO FRIO | D85: UN | E85: 1 | F85: 48.67 | H85: =E85*F85 -> 48.67
E86: Sub total SERVIÇOS: | H86: =SUM(H85:H85) -> 48.67
F87: Total ( MO + MAT + SER): | H87: =H81+H83+H86 -> 102.99
F88: PREÇO UNITÁRIO: | H88: =SUM(H87:H87) -> 102.99
A92: Cód. | C92: COMP - 05 | H92: M
A93: Descrição: | C93: TESTEIRA EM GRANITO VERDE UBATUBA, H=10CM, ESP=2CM, APLICADO COM ARGAMASSA INDUSTRIALIZADA AC-I
A94: Codigo | B94: Referencia | C94: Desc. do Insumo | D94: Unid | E94: Quant. | F94: P. Unit (R$) | G94: Mês / Dias | H94: P. Total (R$)
C95: MÃO DE OBRA
A96: 88309 | B96: SINAPI | C96: PEDREIRO COM ENCARGOS COMPLEMENTARES | D96: H | E96: 0.4 | F96: =I96 -> 29.85 | H96: =E96*F96 -> 11.94 | I96: 29.85 | J96: 27.42
D97: Sub total MO ( com os Encargos Sociais ): | H97: =SUM(H96:H96) -> 11.94
C98: SERVIÇOS
E99: Sub total MATERIAIS:
C100: INSUMOS
A101: 2683 | B101: ORSE | C101: ARGAMASSA INDUSTRIALIZADA VOTOMASSA AC-I, OU SIMILAR | D101: KG | E101: 0.45 | F101: =I101 -> 0.9 | H101: =E101*F101 -> 0.405 | I101: 0.9 | J101: 0.9
A102: 12061 | B102: ORSE | C102: TESTEIRA EM GRANITO VERDE UBATUBA, L=10CM (MEIA ESQUADRIA) - FORNECIMENTO E COLOCAÇÃO | D102: M2 | E102: 1 | F102: =I102 -> 145.79 | H102: =E102*F102 -> 145.79 | I102: 145.79 | J102: 145.79
E103: Sub total SERVIÇOS: | H103: =SUM(H101:H102) -> 146.195
F104: Total ( MO + MAT + SER): | H104: =H97+H99+H103 -> 158.135
F105: PREÇO UNITÁRIO: | H105: =SUM(H104:H104) -> 158.135
A109: Cód. | C109: COMP- 06 | H109: UD
A110: Descrição: | C110: ADMINISTRAÇÃO LOCAL DA OBRA
A111: Codigo | B111: Referencia | C111: Desc. do Insumo | D111: Unid | E111: Quant. | F111: P. Unit (R$) | G111: Mês / Dias | H111: P. Total (R$)
C112: MÃO DE OBRA
A113: 93572 | B113: SINAPI | C113: ENCARREGADO GERAL DE OBRAS COM ENCARGOS COMPLEMENTARES | D113: MÊS | E113: 4 | F113: =I113 -> 6345.55 | H113: =E113*F113 -> 25382.2 | I113: 6345.55 | J113: 5730.92
D114: Sub total MO ( com os Encargos Sociais ): | H114: =SUM(H113:H113) -> 25382.2
C115: SERVIÇOS
E116: Sub total MATERIAIS:
...

Sheet COTAÇÃO
A1: COTAÇÕES
A3: EMPRESAS | B3: CNPJ | C3: NOME | D3: CONTATO
A4: E001 | B4: 47.960.950/1088-36 | C4: MAGAZINE LUIZA | D4: www.magazineluiza.com.br
A5: E002 | B5: 15.436.940/0001-03 | C5: AMAZON | D5: www.amazon.com.br
A6: E003 | B6: 33.779.899/0001-41 | C6: SUSTENTA LED | D6: www.sustentaled.com.br
A7: E004 | B7: 26.487.744/0001-76 | C7: GRAVIA | D7: www.gravia.com.br
A8: E005 | B8: 48.953.227/0001-88 | C8: SERRALHERIA | D8: www.serralheria.com.br
A9: E006 | B9: 17.469.701/0001-77 | C9: ARCELOR MITTAL | D9: www.loja.arcelormittal.com.br
A10: E007 | B10: 00.289.348/0001 | C10: LOJA KINGSPAN | D10: www.lojakingspan.com
A11: E008 | B11: 01.438.784/0001-05 | C11: LEROY MERLIN | D11: www.leroymerlin.com.br
A12: E009 | B12: 00.289.348/0011-12 | C12: MEU TELHADO | D12: www.meutelhado.com.br
A15: FONTE | B15: CÓDIGO | C15: DESCRIÇÃO | D15: MEDIANA (VALOR POR UNIDADE)
A16: COTAÇÃO | B16: 01 | C16: LUMINÁRIA PLAFON 25W LED QUADRADO EMBUTIR BRANCO FRIO | D16: =D18 -> 48.67
A17: DATA | B17: EMPRESA | C17: NOME DA EMPRESA | D17: COTAÇÕES
A18: 45830 | B18: E001 | C18: MAGAZINE LUIZA | D18: 48.67
A19: 45830 | B19: E002 | C19: AMAZON | D19: 51.31
A20: 45830 | B20: E003 | C20: SUSTENTA LED | D20: 34.79
A22: FONTE | B22: CÓDIGO | C22: DESCRIÇÃO | D22: MEDIANA (VALOR POR METRO)
A23: COTAÇÃO | B23: 02 | C23: TUBO INDUSTRIAL QUADRADO AÇO - 100 X 100MM X 3,00MM | D23: 79.17
A24: DATA | B24: EMPRESA | C24: NOME DA EMPRESA | D24: COTAÇÕES
A25: 45830 | B25: E004 | C25: GRAVIA | D25: =495.48/6 -> 82.58
A26: 45830 | B26: E005 | C26: SERRALHERIA | D26: =475/6 -> 79.166667
A27: 45830 | B27: E006 | C27: ARCELOR MITTAL | D27: =448.82/6 -> 74.803333
A29: FONTE | B29: CÓDIGO | C29: DESCRIÇÃO | D29: MEDIANA (VALOR POR M²)
A30: COTAÇÃO | B30: 03 | C30: PAINEL RIPADO EM ALUMÍNIO AMADEIRADO, NO PADRÃO FREIJÓ, INCLUSO KIT DE INSTALAÇÃO | D30: =D34 -> 278.19153
A31: DATA | B31: EMPRESA | C31: NOME DA EMPRESA | D31: COTAÇÕES
A32: 45830 | B32: E007 | C32: LOJA KINGSPAN | D32: =1559.26/5.9 -> 264.28136
A33: 45830 | B33: E008 | C33: LEROY MERLIN | D33: =1723.4/5.9 -> 292.10169
A34: 45830 | B34: E009 | C34: MEU TELHADO | D34: =1641.33/5.9 -> 278.19153
A36: FONTE | B36: CÓDIGO | C36: DESCRIÇÃO | D36: MEDIANA (VALOR POR KG)
A37: COTAÇÃO | B37: 04 | C37: TEXTURA CIMENTO QUEIMADO DIA DE CHUVA SUVINIL OU SIMILAR PARA ÁREAS INTERNAS OU EXTERNAS, 5KG, RENDIMENTO DE ATÉ 9M² ACABADO, DUAS DEMÃOS (1,8M²/KG) | D37: 43.98
A38: DATA | B38: EMPRESA | C38: NOME DA EMPRESA | D38: COTAÇÕES
A39: 45830 | B39: E008 | C39: LEROY MERLIN | D39: 43.98
A40: 45830 | B40: E002 | C40: AMAZON | D40: 58.09
A41: 45830 | B41: E001 | C41: MAGAZINE LUIZA | D41: 41.08
